 Dungeon Crawl Stone Soup version 0.30-a0-1114-gd936c97349 (webtiles) character file.

Game seed: 5993885481173507195

1651774 Sobieck the Invulnerable (level 26, 277/277 HPs)
             Began as an Armataur Fighter on Apr 19, 2023.
             Was the Champion of Okawaru.
             Escaped with the Orb
             ... and 3 runes on Apr 20, 2023!
             The game lasted 03:30:27 (70047 turns).

Sobieck the Invulnerable (Armataur Fighter)        Turns: 70047, Time: 03:30:28

Health: 277/277    AC: 57    Str: 43    XL:     26   Next: 15%
Magic:  13/13      EV:  8    Int: 10    God:    Okawaru [******]
Gold:   4064       SH: 33    Dex: 16    Spells: 25/25 levels left

rFire   + + +      SeeInvis .    b - +5 demon whip "Spellbinder" {antimagic, disrupt, Will+, mace}
rCold   + + .      Faith    .    U - +8 tower shield of Ennui {Rampage rN+ Will+ Int+2}
rNeg    + . .      Spirit   .    h - +12 gold dragon scales {rare}
rPois   +          Reflect  .    r - +1 helmet of Tenacity {Contam MP+9 Str+8 Dex+3}
rElec   +          Roll     +    M - scarf {rC+ rF+}
rCorr   +                        F - +1 pair of gloves "Toidis" {rElec Slay+6}
Will    ++++.                    q - +6 lightning scales {swift, rElec} Stlth
                                 N - amulet of Divine Intervention {rF+ Regen+ rCorr}
HPRegen 1.46/turn                f - +6 ring of strength
MPRegen 0.13/turn                Y - ring of willpower

@: studying Long Blades, quick
A: large, rugged brown scales 3, deformed body, armoured tail, roll, long
tongue, awkward tongue, dopey 1, fire resistance 1, sense surroundings 1, wild
magic 1, evolution 1
0: Orb of Zot
}: 3/15 runes: serpentine, barnacled, silver
a: Renounce Religion, Heroism, Finesse, Duel


You escaped.
You worshipped Okawaru.
Okawaru was exalted by your worship.
You visited 10 branches of the dungeon, and saw 48 of its levels.
You also visited: Trove, Sewer, Ice Cave and Wizlab.

You collected 9082 gold pieces.
You spent 5018 gold pieces at shops.


Innate Abilities, Weirdness & Mutations

You are completely covered in rugged brown scales. (AC +3, +7% HP)
Armour fits poorly on your strangely shaped body.
You have a long armoured tail.
You roll when moving toward enemies. (Rampage)
Your long tongue fully drains potion bottles. (2x potion effects)
Your tongue gives you trouble enunciating. (1.5x scroll delay)
You are dopey. (Int -2)
Your flesh is heat resistant. (rF+)
You passively map a small area around you.
Your spells are a little harder to cast, but a little more powerful.
You have hidden genetic potential.


   Skills:
 + Level 25.5 Fighting
 - Level 12.0 Maces & Flails
 - Level 10.0 Throwing
 O Level 27 Armour
 - Level 8.0 Dodging
 + Level 26.8 Shields
 - Level 12.0 Invocations
 - Level 7.0 Evocations


You had 25 spell levels left.
You didn't know any spells.
Your spell library contained the following spells:

 Spells                   Type           Power      Damage    Failure   Level
 Apportation              Tloc           0%         N/A       83%         1
 Beastly Appendage        Tmut           0%         N/A       83%         1
 Foxfire                  Conj/Fire      0%         2x1d4     83%         1
 Magic Dart               Conj           0%         1d3       83%         1
 Necrotise                Necr           0%         1d4       83%         1
 Slow                     Hex            0%         N/A       83%         1
 Blink                    Tloc           0%         N/A       92%         2
 Cigotuvi's Dreadful Rot  Necr/Pois/Air  0%         N/A       92%         2
 Ensorcelled Hibernation  Hex/Ice        0%         N/A       92%         2
 Lesser Beckoning         Tloc           0%         N/A       92%         2
 Momentum Strike          Conj/Tloc      0%         3d8       92%         2
 Passwall                 Tmut/Erth      0%         N/A       92%         2
 Poisonous Vapours        Pois/Air       0%         N/A       92%         2
 Sublimation of Blood     Necr           0%         N/A       92%         2
 Wereblood                Tmut           0%         N/A       92%         2
 Confusing Touch          Hex            0%         N/A       99%         3
 Frozen Ramparts          Ice            0%         1d1       99%         3
 Gell's Gravitas          Tloc           0%         N/A       99%         3
 Ignite Poison            Fire/Tmut/Pois 0%         N/A       99%         3
 Inner Flame              Hex/Fire       0%         N/A       99%         3
 Mephitic Cloud           Conj/Pois/Air  0%         N/A       99%         3
 Ozocubu's Armour         Ice            0%         N/A       99%         3
 Spider Form              Tmut/Pois      0%         N/A       99%         3
 Stone Arrow              Conj/Erth      0%         3d7       99%         3
 Swiftness                Air            0%         N/A       99%         3
 Teleport Other           Tloc           0%         N/A       99%         3
 Vampiric Draining        Necr           0%         2d6       99%         3
 Vhi's Electric Charge    Tloc/Air       0%         N/A       99%         3
 Anguish                  Hex/Necr       0%         N/A       100%        4
 Cause Fear               Hex            0%         N/A       100%        4
 Dispel Undead            Necr           0%         3d6       100%        4
 Flame Wave               Conj/Fire      0%         2d4       100%        4
 Ice Form                 Ice/Tmut       0%         N/A       100%        4
 Passage of Golubria      Tloc           0%         N/A       100%        4
 Petrify                  Tmut/Erth      0%         N/A       100%        4
 Sticky Flame             Conj/Fire      0%         2d3       100%        4
 Alistair's Intoxication  Tmut/Pois      0%         N/A       100%        5
 Blade Hands              Tmut           0%         N/A       100%        5
 Borgnjor's Vile Clutch   Necr/Erth      0%         N/A       100%        5
 Fireball                 Conj/Fire      0%         3d3       100%        5
 Freezing Cloud           Conj/Ice/Air   0%         6-21      100%        5
 Irradiate                Conj/Tmut      0%         3d11      100%        5
 Metabolic Englaciation   Hex/Ice        0%         N/A       100%        5
 Silence                  Hex/Air        0%         N/A       100%        5
 Yara's Violent Unravell  Hex/Tmut       0%         3d3       100%        5
 Conjure Ball Lightning   Conj/Air       0%         3x3d6     100%        6
 Eringya's Noxious Bog    Tmut/Pois      0%         N/A       100%        6
 Iron Shot                Conj/Erth      0%         9d1       100%        6
 Plasma Beam              Fire/Air       0%         2x1d11    100%        6
 Starburst                Conj/Fire      0%         6d3       100%        6
 Dragon Form              Tmut           0%         N/A       100%        7
 Enfeeble                 Hex            0%         N/A       100%        7
 Ozocubu's Refrigeration  Ice            0%         4d7       100%        7
 Storm Form               Tmut/Air       0%         N/A       100%        7
 Lehudib's Crystal Spear  Conj/Erth      0%         10d2      100%        8
 Summon Small Mammal      Summ           Unusable   N/A       N/A         1
 Call Canine Familiar     Summ           Unusable   N/A       N/A         3
 Summon Guardian Golem    Hex/Summ       Unusable   N/A       N/A         3
 Tukima's Dance           Hex            Unusable   N/A       N/A         3
 Animate Armour           Summ/Erth      Unusable   N/A       N/A         4
 Summon Ice Beast         Ice/Summ       Unusable   N/A       N/A         4
 Summon Forest            Summ/Tloc      Unusable   N/A       N/A         5
 Summon Mana Viper        Hex/Summ       Unusable   N/A       N/A         5
 Death Channel            Necr           Unusable   N/A       N/A         6
 Simulacrum               Ice/Necr       Unusable   N/A       N/A         6
 Summon Cactus Giant      Summ           Unusable   N/A       N/A         6
 Monstrous Menagerie      Summ           Unusable   N/A       N/A         7
 Infestation              Necr           Unusable   N/A       N/A         8
 Dragon's Call            Summ           Unusable   N/A       N/A         9

Inventory:

Hand Weapons
 a - a +9 demon whip of freezing {mace}
   (You took it off a balrug on level 2 of the Depths)
 b - the +5 demon whip "Spellbinder" (weapon) {antimagic, disrupt, Will+, mace}
   (You took it off an ironbound preserver on level 3 of the Vaults)

   Will:      It increases your willpower.
 A - a +3 demon whip of draining {mace}
   (Okawaru gifted it to you on level 2 of the Depths)
Missiles
 u - 11 throwing nets {=f!fthrowing}
 v - 32 silver javelins {throwing}
 x - 16 javelins {throwing}
 G - 51 boomerangs {throwing}
 L - 11 silver boomerangs (quivered) {throwing}
 S - 3 curare-tipped darts {=fthrowing}
Armour
 h - +12 gold dragon scales (worn) {rare}
   (You found it in a treasure trove)
 q - the +6 lightning scales (worn) {swift, rElec}
   (You acquired it on level 2 of the Dungeon)

   Swift:     It allows the wearer to cover ground more swiftly.
   rElec:     It insulates you from electricity.
 r - the +1 helmet of Tenacity (worn) {Contam MP+9 Str+8 Dex+3}
   (Okawaru gifted it to you on level 2 of the Vaults)

   Str:       It affects your strength (+8).
   Dex:       It affects your dexterity (+3).
   MP:        It affects your magic capacity (+9).
   Contam:    It causes magical contamination when unequipped.
 F - the +1 pair of gloves "Toidis" (worn) {rElec Slay+6}
   (Okawaru gifted it to you on level 1 of the Vaults)

   Slay:      It affects your accuracy & damage with ranged weapons and melee
   (+6).
   rElec:     It insulates you from electricity.
 M - a scarf of resistance (worn)
   (You bought it in a shop on level 2 of the Orcish Mines)
 U - the +8 tower shield of Ennui (worn) {Rampage rN+ Will+ Int+2}
   (Okawaru gifted it to you on level 3 of the Elven Halls)

   Int:       It affects your intelligence (+2).
   rN:        It protects you from negative energy.
   Rampage:   It bestows one free step when moving towards enemies.
   Will:      It increases your willpower.
Jewellery
 f - a +6 ring of strength (left hand)
   (You found it on level 1 of the Shoals)
 w - a ring of see invisible
   (You found it on level 12 of the Dungeon)
 z - the ring "Somnaf" {Fly rF- rC++ Int+6 Stlth+}
   (You took it off a deep elf annihilator on level 3 of the Elven Halls)

   [ring of intelligence]

   Int:       It affects your intelligence (+6).
   rF:        It makes you vulnerable to fire.
   rC:        It greatly protects you from cold.
   Fly:       It grants you flight.
   Stlth:     It makes you more stealthy.
 N - the amulet of Divine Intervention (around neck) {rF+ Regen+ rCorr}
   (You acquired it on level 2 of the Orcish Mines)

   [amulet of regeneration]

   rF:        It protects you from fire.
   Regen:     It increases your rate of health regeneration.
   rCorr:     It protects you from acid and corrosion.
 X - a ring of positive energy
   (You took it off an ironbound preserver on level 5 of the Vaults)
 Y - a ring of willpower (right hand)
   (You took it off a naga on level 2 of the Lair of Beasts)
Wands
 c - a wand of acid (22)
   (You found it on level 5 of the Lair of Beasts)
 g - a wand of flame (77)
   (You found it on level 5 of the Lair of Beasts)
 m - a wand of roots (54)
   (You took it off Duvessa on level 6 of the Dungeon)
 K - a wand of mindburst (22)
   (You found it on level 10 of the Dungeon)
 P - a wand of paralysis (79)
   (You found it on level 6 of the Dungeon)
 Z - a wand of digging (22)
   (You found it on level 3 of the Elven Halls)
Scrolls
 d - 6 scrolls of poison {!r}
 e - 23 scrolls of teleportation {@r4}
 k - 3 scrolls of silence {!r}
 l - 7 scrolls of fog
 s - a scroll of magic mapping {!r}
 t - 9 scrolls of noise {!r}
 C - 4 scrolls of fear
 O - 13 scrolls of blinking {!r}
 V - 55 scrolls of identify {@r1}
Potions
 i - 4 potions of resistance
 o - 5 potions of flight
 p - 7 potions of haste {@q3}
 y - 6 potions of attraction {!q}
 B - a potion of might
 D - 4 potions of cancellation
 E - 5 potions of magic
 H - 6 potions of mutation {!q}
 I - 9 potions of lignification {!q}
 J - 5 potions of berserk rage {!q}
 Q - 9 potions of heal wounds {@q2}
 R - 10 potions of ambrosia
 T - 4 potions of brilliance
 W - 29 potions of curing {@q1}
Miscellaneous
 j - a tin of tremorstones (2/2) {throwing}
   (You found it on level 4 of the Snake Pit)
 n - a phial of floods
   (You found it on level 2 of the Snake Pit)

Dungeon Overview and Level Annotations

Branches:
Dungeon (15/15)            Temple (1/1) D:5            Lair (5/5) D:10
 Shoals (4/4) Lair:3        Snake (4/4) Lair:2        Slime (0/5) Lair:4
    Orc (2/2) D:10            Elf (3/3) Orc:2        Vaults (5/5) D:14
  Crypt (0/3) Vaults:2     Depths (4/4) D:15            Zot (5/5) Depths:4
  Sewer (visited)           IceCv (visited)          WizLab (visited)

Altars:
Ashenzari
Cheibriados
Dithmenos
Elyvilon
Fedhas
Gozag
Hepliaklqana
Kikubaaqudgha
Makhleb
Okawaru
Qazlal
Ru
Sif Muna
Trog
Vehumet
Wu Jian
Xom
Yredelemnul
Zin
Jiyva

Shops:
D:2 ?   D:9 (   D:12 [   D:14 ?   D:15 *   Orc:2 ?:?[   Elf:2 (   Elf:3 !
Snake:3 !*[   Vaults:5 !   Depths:2 [   Depths:4 ?((*=

Portals:
Hell: Depths:1 Depths:2 Depths:3 Depths:4
Abyss: Depths:2 Depths:3
Pandemonium: Depths:1 Depths:2
Ziggurat: Depths:1

Annotations:
Elf:2 3 runed translucent doors
Zot:1 1 runed translucent door, SprigganGuy's ghost, veteran SpHu

#####...# ##.## ###.##### #.# #
#...#####...## #.# #.# #
#..#......>#.# ##.# ##. #
#..#.####.#.## #..# ##
#####..#.###########'###
..............#≈≈~~#...#
.#.###.#.######≈##~#.#.# ## ...#
#.#.# ###~~~~###.# #. .### #)#.#
##.'~@#~#~~.# #. .#
#.#.###..#~~#~#~### ##. .#
#........#≈##~#~##########.. .#
###>....##≈~~#~#~.+.##.....#
.###########.###########.##.#....
........# #...#.# #.......###
.######.# #...#.# #######)#.. .#
#.###...#.## #...# ÷###
#..........# ###..


There were no monsters in sight!


Message History

There is a staircase back to the Dungeon, spattered with blood here.
You see here a +0 battleaxe of freezing {axe}.
You climb upwards.
Welcome back to the Dungeon!
There is a staircase to the Depths here.
There is an open door here.
Things that are here:
a +0 robe; a +0 flail {mace}
Things that are here:
a +0 robe; a +0 dagger {short}
There is an open door, spattered with blood here.
Things that are here:
a +0 robe; a +0 dagger of venom {short}
Things that are here:
+0 fire dragon scales; a +0 leather armour; a +1 great sword {long} You see here a +1 heavy shortbow {bow}.
There is a stone staircase leading up here.
You climb upwards.
There is a stone staircase leading down here.
You see here a +3 battleaxe of freezing {axe}.
There is a stone staircase leading up here.
You climb upwards.
There is a stone staircase leading down here.
There is a stone staircase leading up here.
You climb upwards.
There is a stone staircase leading down here.
There is a stone staircase leading up here.
You climb upwards.
There is a stone staircase leading down here.
There is a stone staircase leading up here.
You climb upwards.
There is a stone staircase leading down here.
There is a stone staircase leading up here.
You climb upwards.
There is a stone staircase leading down here.
There is an open door here.
There is an open door here.
There is an open door here.
There is a stone staircase leading up here.
You climb upwards.
There is a stone staircase leading down here.
There is a stone staircase leading down here.
There is a stone staircase leading up here.
You climb upwards.
There is a stone staircase leading down here.
Things that are here:
a +0 plate armour; a +0 war axe of holy wrath {axe}
There is a stone staircase leading up here.
You climb upwards.
There is a stone staircase leading down here.
There is an open door here.
There is a stone staircase leading up here.
You climb upwards.
There is a stone staircase leading down here.
There is a stone staircase leading up here.
You climb upwards.
There is a stone staircase leading down here.
There is a stone staircase leading down here.
There is a stone staircase leading up here.
You climb upwards.
There is a stone staircase leading down here.
There is a stone staircase leading up here.
You climb upwards.
There is a stone staircase leading down here.
A balrug and 2 sun demons come into view.
Danger! 2 sun demons come into view.
The sun demon shouts! x3
Unknown command.
The balrug gestures at you. The bolt of fire hits you. You resist.
There is a stone staircase leading up here.
Unknown command.
You block the sun demon's attack.
You climb upwards.
There is a stone staircase leading down here.
Unknown command.
Unknown command.
There are no items here.
Unknown command.
Unknown command.
You thrash the sun demon!! You barely miss the sun demon.
You block the sun demon's attack.
You barely miss the sun demon. You block the sun demon's attack.
You whack the sun demon! You tail-slap the sun demon!! You hit the sun demon.
You kill the sun demon!
Okawaru accepts your kill.
No target in view!
(D) Dungeon (T) Temple (L) Lair (A) Shoals (P) Snake Pit (M) Slime Pits (O) Orcish Mines (E) Elven Halls (V) Vaults (C) Crypt (U) Depths (H) Hell (Z) Zot
Where to? (Enter - D:1, ? - help)
Okay, then.
Unknown command.
You open the door.
There is an open door here.
You enter the shallow water.
There is a staircase leading out of the dungeon here.
You have escaped!

Skill      XL: |  1  2  3  4  5  6  7  8  9 10 11 12 13 14 15 16 17 18 19 20 21 22 23 24 25 |
---------------+----------------------------------------------------------------------------+-----
Maces & Flails | 2 3 4 5 7 8 9 11 12 | 12.0
Fighting       | 3 4 5 6 7 8 10 11 13 15 16 18 21 22 23 25 | 25.5
Shields        | 4 6 11 16 20 22 24 26 | 26.8
Armour         | 4 6 8 11 13 15 17 18 20 23 27 | 27.0
Invocations    | 2 4 5 6 7 10 12 | 12.0
Throwing       | 3 8 10 | 10.0
Dodging        | 8 |  8.0
Evocations     | 7 |  7.0

Action                     |  1- 3 |  4- 6 |  7- 9 | 10-12 | 13-15 | 16-18 | 19-21 | 22-24 | 25-27 || total
---------------------------+-------+-------+-------+-------+-------+-------+-------+-------+-------++-------
  Melee: Flail             |    90 |   145 |   168 |       |       |       |       |       |       ||   403
         Tailslap          |     5 |    15 |    76 |   209 |   261 |   350 |   457 |   543 |   199 ||  2115
         Whip              |       |       |   239 |  1012 |    70 |       |       |       |       ||  1321
         Demon whip        |       |       |       |       |  1379 |  1640 |  1893 |  2078 |   721 ||  7711
         Morningstar       |       |       |       |       |       |       |    26 |       |       ||    26
         Kick              |       |       |       |       |       |       |       |   558 |    42 ||   600
   Fire: Sling             |    12 |     5 |       |       |       |       |       |       |       ||    17
  Throw: Boomerang         |       |       |       |     3 |       |     8 |    22 |     2 |    39 ||    74
         Stone             |       |       |       |     1 |       |       |       |       |       ||     1
 Invoke: Heroism           |       |       |     1 |     1 |     2 |     2 |     3 |     5 |     2 ||    16
         Finesse           |       |       |       |       |       |     1 |     3 |     5 |     2 ||    11
         Duel              |       |       |       |       |       |     1 |       |       |       ||     1
  Evoke: Wand              |       |       |       |       |     1 |       |       |       |       ||     1
    Use: Potion            |       |     4 |     3 |       |       |     1 |     3 |     9 |     8 ||    28
         Scroll            |       |     3 |    15 |     6 |    10 |     8 |    12 |    13 |     3 ||    70
   Stab: Distracted        |     1 |       |       |     1 |       |       |     1 |       |       ||     3
         Sleeping          |       |       |       |     2 |     4 |     7 |     1 |       |       ||    14
         Paralysed         |       |       |       |       |     9 |       |       |       |       ||     9
 Armour: Scale mail        |    42 |   102 |    89 |       |       |       |       |       |       ||   233
         Ring mail         |       |       |    86 |   489 |   881 |   514 |   196 |       |       ||  2166
         Storm dragon scal |       |       |       |       |       |     3 |       |       |       ||     3
         Gold dragon scale |       |       |       |       |       |       |   364 |   664 |   152 ||  1180
  Dodge: Dodged            |    39 |    58 |    93 |   122 |   241 |   109 |   154 |   177 |    55 ||  1048
  Block: Buckler           |    19 |    33 |    94 |   141 |   217 |    77 |       |       |       ||   581
         Tower shield      |       |       |       |       |       |   943 |  1602 |  1553 |   421 ||  4519

Levels and vault maps discovered:
D:1:      ncdulo_wetmaze, layout_loops_ring, minmay_pentomino_q4
D:2:      layout_loops_ring, serial_shops, shop
D:3:      layout_basic, uniq_natasha
D:4:      layout_loops_cross
D:5:      layout_rooms, mainiacjoe_overflow_surrounded_room,
          nicolae_wu_jian_immortal_techniques, minmay_temple_entry_junction,
          kennysheep_boxes
D:6:      layout_basic, nicolae_hepliaklqana_monster_ancestors,
          gup_sewer_entry_pipe, uniq_duvessa
D:7:      layout_rooms, marbit_many_paths, gammafunk_ghost_grave,
          minmay_circle_x
D:8:      layout_cave_pools, uniq_pikel
D:9:      layout_stronghold, mainiacjoe_overflow_alcove_4,
          mainiacjoe_overflow_alcove_2, serial_shops,
          nicolae_shop_back_alley_shop, minmay_misc_feat_room,
          chequers_serial_rivers_micro_e
D:10:     layout_long_grid, elyvilon_altar_1, fedhas_altar_fruit_tree,
          due_lair_maze_entry_diamond, hiddenorc1_lemuel,
          serial_co_window_serial, co_window_corner_a, co_window_paths_a,
          co_window_paths_b, co_window_corner_a, co_window_paths_a,
          co_window_paths_b, co_window_unsneaky_path_a, co_window_broadway_c,
          co_window_of_opportunity_c, co_window_2corner, co_window_2corner,
          glass_columns_c, glass_columns_a, glass_columns_a
D:11:     minmay_four_partial_circles, layout_irregular_city
D:12:     layout_cave_pools, ebering_ghost_inner_flame, serial_shops,
          nicolae_shop_rolling_square, minmay_hidden_floor
D:13:     layout_loops_ring, abandoned_shop
D:14:     layout_basic, grunt_vaults_entry_fortified, serial_shops,
          nicolae_shop_just_a_little_nook
D:15:     grunt_enter_depths_magical_seal, layout_rooms, serial_shops,
          nicolae_shop_crystal, eino_house_with_fridge
Temple:   dpeg_chambers_temple
Lair:1:   layout_cave_pods, lemuel_oklob_altar
Lair:2:   layout_cellular_growth, guppyfry_snake_entry_island,
          gammafunk_ghost_ooze, grunt_megastairs_2
Lair:3:   layout_regular_city, shoals_dummy_entry, uniq_nessos
Lair:4:   layout_gridlike, minmay_slime_entry_oklob_enclosed,
          grunt_forest_small_clearings, chequers_serial_rivers_room_b,
          minmay_holes
Lair:5:   hangedman_lair_tendril_chambers, layout_regular_city,
          portal_ice_cave_entry_ice_simulacra
Shoals:1: argonaut_golden_fleece, layout_shoals, lightli_airlock
Shoals:2: cheibrodos_shoals_gigantism, layout_shoals, uniq_ilsuiw
Shoals:3: layout_shoals, ebering_ghost_rock_garden
Shoals:4: shoals_end_simple, layout_shoals
Snake:1:  layout_grid_maze, basic_altar
Snake:2:  layout_misc_corridors
Snake:3:  layout_chambers, nicolae_snake_horde_hoard, nicolae_triple_integral,
          minmay_shop_star, uniq_bai_suzhen, uniq_saint_roka, uniq_aizul
Snake:4:  johnstein_snake_rune_scales, layout_layer_cave
Orc:1:    layout_caves, basic_altar
Orc:2:    st_orc_pillars, layout_diamond_mine
Elf:1:    minmay_elf_arrival_plus, layout_loops_corners,
          minmay_elf_crystal_heptagon, minivault_25, kb_rosetta
Elf:2:    elven_hall_of_blades_hangedman_original
          [infiniplex_blade_entry_pillars], layout_loops_cross, serial_shops,
          shop, basic_altar, laboratory
Elf:3:    minmay_elf_hall_hex, layout_loops_corners, serial_shops, shop,
          minmay_elf_necromancy
Vaults:1: v_misc_29, grunt_vaults_funnel, vaults_room_corners,
          vaults_room_semicircle, ontoclasm_vaults_loading_screen,
          nicolae_vaults_border_crossing, layout_vaults_quadrants, enter_trove_1
Vaults:2: mu_enter_wizlab_1, dpeg_vaults_monster_row, v_misc_25,
          nicolae_vaults_know_your_exits, v_rooms_3, blue_anna_dwarven_crypt,
          vaults_standard_mumra_x, vaults_dpeg_cross, vaults_room_corners,
          vaults_mumra_hexcomb, vaults_room_semicircle,
          nicolae_vaults_three_branches, layout_vaults_big_room
Vaults:3: gammafunk_ghost_spectres, v_misc_33, nicolae_vaults_network_square,
          st_greater_box_3, ontoclasm_vaults_shuriken, vaults_room_grid,
          v_alt_pattern_2, hangedman_vaults_trim, v_misc_19,
          hangedman_vaults_stretched_pinwheel, layout_vaults_maze,
          uniq_frederick
Vaults:4: grunt_vaults_hallway_long, v_misc_17, nicolae_vaults_puzzle_piece,
          vaults_room_fancy_cross, nicolae_vaults_network_barrier,
          hangedman_vaults_corner, ontoclasm_vaults_misaligned,
          grunt_vaults_bifocal, v_misc_29, nicolae_vaults_statue_guard,
          nicolae_vaults_mini_display_case, layout_vaults_ring
Vaults:5: uniq_boris
Depths:1: layout_gridlike, enter_ziggurat_f, pan_entry,
          chequers_serial_rivers_room_b, hell_entry, nrook_kobold_shadow_demons,
          grunt_megastairs_1
Depths:2: minmay_the_grid_octo_tiled_octocenter [minmay_the_grid_octo_odd_swirl,
          minmay_the_grid_octo_vomiting_pacman,
          minmay_the_grid_octo_thin_diamonds, minmay_the_grid_octo_teeth,
          minmay_the_grid_octo_prize_ultimate_mussel_roller,
          minmay_the_grid_square_5x5_mess,
          minmay_the_grid_square_5x5_broken_cross,
          minmay_the_grid_square_5x5_fancy_junction,
          minmay_the_grid_square_5x5_trominoes], layout_honeycomb, abyss_entry,
          serial_bayou_pond_b, hangedman_coc_ice_floe, serial_shops, shop,
          grunt_pan_entry_sceptre, grunt_ministairs_12
Depths:3: kennysheep_demon_jail, layout_twisted_cross, hangedman_decor_points,
          hell_entry, abyss_entry
Depths:4: evilmike_zot_entry_basic, layout_cave_pools, hell_entry,
          nicolae_benzene_ring, serial_shops, nicolae_shop_bloodbath_and_beyond,
          nicolae_shop_tiny_waterfront, nicolae_diamond_shop,
          nicolae_shop_back_alley_shop, nicolae_shop_real_fake_doors
Zot:1:    layout_gridlike, ebering_ghost_xom, uniq_vv
Zot:2:    layout_gridville, basic_altar, hangedman_hellfire_club
Zot:3:    nicolae_zot_stationary_front, layout_basic
Zot:4:    layout_cathedral_of_symmetry
Zot:5:    layout_gridlike

Notes
Turn   | Place    | Note
-------+----------+-------------------------------------------
     0 | D:1      | Sobieck the Armataur Fighter began the quest for the Orb.
     0 | D:1      | Reached XP level 1. HP: 19/19 MP: 1/1
    75 | D:1      | Reached skill level 2 in Maces & Flails
   201 | D:1      | Reached XP level 2. HP: 25/26 MP: 2/2
   526 | D:1      | You pick up a book of Changes and begin reading...
   526 | D:1      | You add the spells Beastly Appendage, Wereblood and Spider
                  | Form to your library.
  1085 | D:2      | Reached skill level 3 in Fighting
  1117 | D:2      | Reached XP level 3. HP: 33/33 MP: 3/3
  1266 | D:2      | Found Kusmisse's Magic Scroll Shop.
  1274 | D:2      | Bought a scroll of identify for 26 gold pieces
  1318 | D:2      | Bought a scroll of noise for 13 gold pieces
  1701 | D:3      | Noticed Natasha
  1708 | D:3      | Killed Natasha
  1709 | D:3      | Reached skill level 3 in Maces & Flails
  1709 | D:3      | Reached XP level 4. HP: 40/40 MP: 4/4
  2004 | D:3      | Reached skill level 4 in Shields
  2030 | D:3      | Noticed Natasha
  2042 | D:3      | HP: 9/40 [Natasha/magic dart (7)]
  2046 | D:3      | Killed Natasha
  2106 | D:2      | Bought a scroll of teleportation for 39 gold pieces
  2337 | D:4      | Reached XP level 5. HP: 30/48 MP: 5/5
  2616 | D:2      | Bought a scroll of fear for 52 gold pieces
  2658 | D:3      | Noticed Natasha
  2666 | D:3      | Killed Natasha
  2898 | D:4      | Reached skill level 4 in Maces & Flails
  3102 | D:5      | Entered Level 5 of the Dungeon
  3102 | D:5      | Noticed a phantom
  3132 | D:4      | Killed a phantom
  3133 | D:4      | Reached skill level 4 in Fighting
  3133 | D:4      | Reached XP level 6. HP: 33/55 MP: 6/6
  3224 | D:5      | Found a glowing silver altar of Zin.
  3289 | D:5      | Reached skill level 5 in Maces & Flails
  3464 | D:5      | Reached XP level 7. HP: 21/64 MP: 7/7
  3641 | D:5      | You pick up a book of Armaments and begin reading...
  3641 | D:5      | You add the spells Stone Arrow, Animate Armour and
                  | Lehudib's Crystal Spear to your library.
  3661 | D:5      | Reached skill level 6 in Maces & Flails
  3856 | D:5      | Reached skill level 5 in Fighting
  4015 | D:5      | Found a staircase to the Ecumenical Temple.
  4025 | Temple   | Entered the Ecumenical Temple
  4165 | Temple   | Became a worshipper of Warmaster Okawaru
  4280 | D:2      | Bought a scroll of blinking for 97 gold pieces
  4394 | D:5      | Found an ornate altar of the Wu Jian Council.
  4624 | D:6      | You pick up a book of Callings and begin reading...
  4691 | D:7      | Noticed a wyvern
  4693 | D:7      | HP: 12/65 [gnoll/+0 whip (6)]
  4704 | D:7      | Killed a wyvern
  4705 | D:7      | Reached skill level 7 in Maces & Flails
  4705 | D:7      | Reached XP level 8. HP: 20/73 MP: 8/8
  4932 | D:6      | Found a glowing drain.
  4947 | Sewer    | Entered a sewer
  5413 | D:6      | Reached skill level 6 in Fighting
  5530 | D:6      | Reached skill level 8 in Maces & Flails
  5690 | D:6      | Noticed Dowan
  5837 | D:6      | You pick up a book of Debilitation and begin reading...
  5837 | D:6      | You add the spells Slow, Vampiric Draining and Confusing
                  | Touch to your library.
  5880 | D:6      | Reached skill level 4 in Armour
  5880 | D:6      | Reached skill level 1 in Invocations
  5956 | D:6      | Reached * piety under Okawaru
  6012 | D:6      | Found a hazy altar of Hepliaklqana.
  6285 | D:2      | Bought a scroll of identify for 26 gold pieces
  6285 | D:2      | Bought a scroll of identify for 26 gold pieces
  6285 | D:2      | Bought a scroll of identify for 26 gold pieces
  6542 | D:6      | Noticed Duvessa
  6559 | D:6      | Killed Duvessa
  6569 | D:6      | Killed Dowan
  7041 | D:7      | Found a runed translucent door.
  7042 | D:7      | Noticed AwFulAwFulPlayer's ghost (novice DrGl)
  7108 | D:7      | Reached skill level 2 in Invocations
  7108 | D:7      | Reached XP level 9. HP: 55/82 MP: 7/10
  7230 | D:7      | You add the spells Cigotuvi's Dreadful Rot, Ignite Poison
                  | and Freezing Cloud to your library.
  7463 | D:7      | Identified the +0 helmet "Uqiymam" {*Corrode Str+8 Int-4
                  | Stlth+}
  7624 | D:7      | Reached skill level 5 in Armour
  7774 | D:2      | Bought a scroll of magic mapping for 97 gold pieces
  7785 | D:2      | Identified a scroll of acquirement
  7785 | D:2      | Acquired the +6 lightning scales {swift, rElec}
  7785 | D:2      | Found the +6 lightning scales {swift, rElec}
  7957 | D:7      | Reached skill level 9 in Maces & Flails
  8045 | D:7      | Reached skill level 3 in Invocations
  8058 | D:7      | Found a sacrificial altar of Ru.
  8322 | D:8      | Noticed Pikel
  8408 | D:7      | Killed Pikel
  8408 | D:7      | Reached ** piety under Okawaru
  8409 | D:7      | Reached skill level 7 in Fighting
  8409 | D:7      | Reached skill level 6 in Armour
  8624 | D:7      | Reached skill level 4 in Invocations
  8747 | D:7      | Reached XP level 10. HP: 80/92 MP: 13/13
  8806 | D:8      | Reached skill level 10 in Maces & Flails
  8897 | D:8      | Reached *** piety under Okawaru
  9035 | D:8      | Reached skill level 7 in Armour
  9310 | D:9      | Reached skill level 5 in Invocations
  9739 | D:9      | Found a radiant altar of Vehumet.
  9836 | D:9      | Found Ibaaror's Weapon Shoppe.
  9875 | D:9      | Identified the +5 sling "Fuoced" {drain, Stlth+}
 10041 | D:9      | Found an ancient bone altar of Kikubaaqudgha.
 10138 | D:9      | Identified the +7 ring mail "Estrom" {Regen+ Stlth+}
 10555 | D:10     | Entered Level 10 of the Dungeon
 10569 | D:10     | Found a blossoming altar of Fedhas.
 10635 | D:9      | Reached **** piety under Okawaru
 10729 | D:10     | Reached skill level 8 in Fighting
 10748 | D:10     | Found a white marble altar of Elyvilon.
 10760 | D:10     | Reached skill level 11 in Maces & Flails
 10819 | D:10     | Found a staircase to the Lair.
 10864 | D:10     | Reached skill level 8 in Armour
 10891 | D:10     | Noticed a two-headed ogre
 10908 | D:10     | Killed a two-headed ogre
 10908 | D:10     | Reached ***** piety under Okawaru
 10909 | D:10     | Reached XP level 11. HP: 94/100 MP: 15/15
 10927 | D:10     | Noticed a two-headed ogre
 10940 | D:10     | Killed a two-headed ogre
 10941 | D:10     | Reached skill level 6 in Invocations
 11000 | D:10     | Received a gift from Okawaru
 11921 | D:10     | Found a staircase to the Orcish Mines.
 11963 | Orc:1    | Entered Level 1 of the Orcish Mines
 11997 | Orc:1    | Reached skill level 9 in Armour
 12015 | Orc:1    | Noticed an ettin
 12052 | Orc:1    | Noticed an orc warlord
 12126 | Lair:1   | Entered Level 1 of the Lair of Beasts
 12211 | Lair:1   | Reached skill level 12 in Maces & Flails
 12220 | Lair:1   | Reached skill level 9 in Fighting
 12501 | Lair:1   | Reached skill level 10 in Armour
 12527 | Lair:1   | You add the spells Vhi's Electric Charge, Conjure Ball
                  | Lightning and Plasma Beam to your library.
 12527 | Lair:1   | Got the Omnibus of Overcast Vitiation
 12601 | Lair:1   | Noticed a death yak
 12602 | Lair:1   | Noticed a death yak
 12616 | Lair:1   | Noticed a death yak
 12616 | Lair:1   | Noticed a death yak
 12669 | Lair:1   | Killed a death yak
 12687 | Lair:1   | Killed a death yak
 12704 | Lair:1   | Killed a death yak
 12721 | Lair:1   | Killed a death yak
 12722 | Lair:1   | Reached skill level 10 in Fighting
 12722 | Lair:1   | Reached skill level 11 in Armour
 12722 | Lair:1   | Reached XP level 12. HP: 98/113 MP: 16/16
 12960 | Lair:1   | Identified the +4 barding of Amorality {-Tele *Corrode
                  | rF+++ Regen+} (Okawaru gifted it to you on level 1 of the
                  | Lair of Beasts)
 12960 | Lair:1   | Received a gift from Okawaru
 13528 | Lair:1   | Reached skill level 12 in Armour
 13643 | Lair:2   | Reached skill level 11 in Fighting
 14241 | Lair:2   | Found a staircase to the Snake Pit.
 14461 | Lair:2   | Reached skill level 7 in Invocations
 14722 | Lair:2   | Found a runed translucent gate.
 14723 | Lair:2   | Found a runed translucent gate.
 14725 | Lair:2   | Found a runed translucent gate.
 14725 | Lair:2   | Noticed crux's ghost (journeyman OpTm)
 14808 | Lair:2   | Reached skill level 13 in Armour
 15141 | Lair:2   | Found a viscous altar of Jiyva.
 15280 | Lair:3   | Noticed a six-headed hydra
 15294 | Lair:3   | Killed a six-headed hydra
 15295 | Lair:3   | Reached XP level 13. HP: 125/125 MP: 15/18
 15340 | Lair:3   | Reached ****** piety under Okawaru
 15442 | Lair:3   | Noticed Nessos
 15456 | Lair:3   | Killed Nessos
 15456 | Lair:3   | Identified the +5 plate armour "Rykitham" {rC+ Str+3}
                  | (Okawaru gifted it to you on level 3 of the Lair of Beasts)
 15456 | Lair:3   | Received a gift from Okawaru
 15457 | Lair:3   | Reached skill level 8 in Invocations
 15506 | Lair:3   | Reached skill level 12 in Fighting
 15707 | D:9      | Bought a +3 demon whip of flaming for 528 gold pieces
 15927 | Lair:3   | You pick up a book of Winter and begin reading...
 15927 | Lair:3   | You add the spells Ozocubu's Armour and Metabolic
                  | Englaciation to your library.
 16376 | Lair:3   | Found a staircase to the Shoals.
 16875 | Lair:4   | Reached skill level 14 in Armour
 17123 | Lair:4   | You pick up a book of Displacement and begin reading...
 17123 | Lair:4   | You add the spells Lesser Beckoning, Gell's Gravitas and
                  | Teleport Other to your library.
 17171 | Lair:4   | Reached skill level 9 in Invocations
 17631 | Lair:4   | Found a viscous altar of Jiyva.
 17847 | Lair:5   | Entered Level 5 of the Lair of Beasts
 18070 | Lair:5   | Found a frozen archway.
 18088 | IceCv    | Entered an ice cave
 18113 | IceCv    | Received a gift from Okawaru
 18348 | IceCv    | Reached skill level 13 in Fighting
 18417 | IceCv    | Reached skill level 10 in Invocations
 18541 | IceCv    | Noticed a reaper
 18547 | IceCv    | Killed a reaper
 18548 | IceCv    | Reached skill level 15 in Armour
 18832 | Lair:4   | Reached XP level 14. HP: 115/138 MP: 21/21
 19365 | Lair:5   | Reached skill level 11 in Invocations
 19389 | Lair:5   | HP: 34/139 [poisoned by a redback]
 19394 | Lair:4   | HP: 24/139 [poisoned by a redback]
 19399 | Lair:4   | HP: 25/139 [poisoned by a redback]
 19521 | Lair:4   | Received a gift from Okawaru
 19636 | Lair:5   | Reached skill level 14 in Fighting
 19671 | Lair:5   | Identified the +6 great sword "Qumpuk" {pain, Contam rElec
                  | rPois Int-4}
 20549 | D:11     | Received a gift from Okawaru
 20598 | D:11     | Reached skill level 12 in Invocations
 20760 | D:11     | Identified the +1 falchion of the Charming Fulmar {drain,
                  | Fragile +Blink Str-5 Int+8}
 21248 | D:12     | Found a runed translucent door.
 21260 | D:12     | Reached skill level 15 in Fighting
 21323 | D:12     | Found Guesaop's Antique Armour Shop.
 21394 | D:12     | Received a gift from Okawaru
 21443 | D:12     | Found a runed translucent door.
 21445 | D:12     | Noticed a shadow dragon
 21447 | D:12     | Noticed a sphinx
 21464 | D:12     | Noticed a vampire knight
 21590 | D:12     | You pick up a book of Cantrips and begin reading...
 21590 | D:12     | You add the spells Necrotise and Apportation to your
                  | library.
 21779 | D:12     | Noticed Rudyous's ghost (journeyman DsFE)
 21834 | D:13     | Acquired the +0 helmet of Veniorao {rCorr Str-2 Slay+2}
 22004 | D:13     | Reached XP level 15. HP: 132/150 MP: 24/24
 22534 | D:14     | Received a gift from Okawaru
 22552 | D:14     | Reached skill level 16 in Armour
 22967 | D:14     | Reached skill level 16 in Fighting
 23180 | D:14     | Found a gate to the Vaults.
 23190 | D:14     | Received a gift from Okawaru
 23220 | D:14     | You pick up a book of Misfortune and begin reading...
 23220 | D:14     | You add the spells Inner Flame, Yara's Violent Unravelling
                  | and Enfeeble to your library.
 23314 | D:14     | Found Wiaffewi's Magic Scroll Boutique.
 23319 | D:14     | Bought a scroll of fear for 44 gold pieces
 23506 | D:15     | Entered Level 15 of the Dungeon
 23528 | D:15     | Reached skill level 17 in Armour
 23601 | D:15     | Received a gift from Okawaru
 23602 | D:15     | Reached skill level 1 in Throwing
 23640 | D:15     | Found Teost's Assorted Antiques.
 24095 | D:15     | Reached skill level 2 in Throwing
 24105 | D:15     | Found a staircase to the Depths.
 24266 | D:10     | Reached skill level 5 in Shields
 24502 | Orc:2    | Entered Level 2 of the Orcish Mines
 24744 | Orc:2    | Found a staircase to the Elven Halls.
 25219 | Orc:2    | Identified the +2 barding of the Date {Will+ Stlth+}
                  | (Okawaru gifted it to you on level 2 of the Orcish Mines)
 25219 | Orc:2    | Received a gift from Okawaru
 25343 | Orc:1    | Reached skill level 3 in Throwing
 25693 | Orc:2    | Reached skill level 6 in Shields
 25693 | Orc:2    | Reached XP level 16. HP: 81/160 MP: 25/25
 25868 | Orc:2    | Reached skill level 4 in Throwing
 25893 | Orc:1    | HP: 17/162 [orc knight/+0 long sword (26)]
 25899 | Orc:1    | HP: 22/162 [orc knight/+0 long sword (1)]
 26214 | Orc:2    | Found Nirchumo's Magic Scroll Shoppe.
 26217 | Orc:2    | Found Nodghon's Magic Scroll Shoppe.
 26218 | Orc:2    | Found Zeanka's Armour Shoppe.
 26219 | Orc:2    | Found Guajueli's Book Emporium.
 26223 | Orc:2    | Bought a scroll of poison for 56 gold pieces
 26228 | Orc:2    | Bought a scroll of acquirement for 884 gold pieces
 26228 | Orc:2    | Acquired the amulet of Divine Intervention {rF+ Regen+
                  | rCorr}
 26242 | Orc:2    | Bought a scarf of resistance for 448 gold pieces
 26325 | Elf:1    | Entered Level 1 of the Elven Halls
 26342 | Orc:2    | Reached skill level 7 in Shields
 26402 | Elf:1    | Reached skill level 5 in Throwing
 26450 | Elf:1    | Paralysed by an air elemental for 1 turns
 26594 | Elf:1    | Reached skill level 8 in Shields
 26652 | Elf:1    | Reached skill level 6 in Throwing
 27162 | Elf:1    | Received a gift from Okawaru
 27163 | Elf:1    | Reached skill level 9 in Shields
 27287 | Elf:1    | You pick up a book of Beasts and begin reading...
 27334 | Elf:1    | You pick up a book of Burglary and begin reading...
 27334 | Elf:1    | You add the spells Passwall, Ensorcelled Hibernation and
                  | Swiftness to your library.
 27832 | Elf:2    | Found a runed translucent gate.
 27832 | Elf:2    | Found a runed translucent gate.
 27858 | Elf:2    | You pick up a book of the Moon and begin reading...
 27858 | Elf:2    | You add the spells Passage of Golubria and Silence to your
                  | library.
 27862 | Elf:2    | Found a runed translucent gate.
 28066 | Snake:1  | Entered Level 1 of the Snake Pit
 28110 | Snake:1  | Reached skill level 7 in Throwing
 28125 | Snake:1  | Found a white marble altar of Elyvilon.
 28408 | Lair:2   | Gained mutation: Your flesh is cold resistant. (rC+)
                  | [potion of mutation]
 28408 | Lair:2   | Gained mutation: You expend magic power (3 MP) to
                  | strengthen your wands. [potion of mutation]
 28408 | Lair:2   | Gained mutation: A frigid envelope surrounds you and
                  | freezes all who hurt you. [potion of mutation]
 28408 | Lair:2   | Gained mutation: You are frail. (-10% HP) [potion of
                  | mutation]
 28408 | Lair:2   | Gained mutation: You are strong-willed. (Will+) [potion of
                  | mutation]
 28641 | Elf:2    | Found a shimmering blue altar of Sif Muna.
 28702 | Elf:2    | Reached skill level 10 in Shields
 28743 | Elf:2    | Found Royhy's Antique Weapon Shoppe.
 28982 | Elf:2    | Reached skill level 8 in Throwing
 29018 | Elf:2    | You pick up a book of Beasts and begin reading...
 29019 | Elf:2    | Identified the amulet "Damnable Contraption" {Faith Rampage
                  | Dex+2}
 29346 | Orc:2    | Bought 3 scrolls of blinking for 315 gold pieces
 29462 | Elf:3    | Entered Level 3 of the Elven Halls
 29486 | Elf:3    | Paralysed by an air elemental for 1 turns
 29530 | Elf:3    | Found Estryhis's Distillery.
 29601 | Elf:3    | Noticed a Brimstone Fiend
 29617 | Elf:3    | Identified the +8 tower shield of Ennui {Rampage rN+ Will+
                  | Int+2} (Okawaru gifted it to you on level 3 of the Elven
                  | Halls)
 29617 | Elf:3    | Received a gift from Okawaru
 29624 | Elf:3    | Reached skill level 11 in Shields
 29758 | Elf:3    | Noticed a Tzitzimitl
 29873 | Elf:3    | Reached XP level 17. HP: 154/154 MP: 26/26
 29974 | Elf:3    | Reached skill level 9 in Throwing
 30386 | Elf:3    | Reached skill level 12 in Shields
 30450 | Elf:3    | You add the spells Anguish and Dispel Undead to your
                  | library.
 30450 | Elf:3    | Got the Anthology of the Cemetery
 30727 | Elf:3    | Noticed a deep elf master archer
 30732 | Elf:3    | Identified the +6 whip of a bailey {heavy, Fly Str+2}
 30732 | Elf:3    | Identified the ring "Somnaf" {Fly rF- rC++ Int+6 Stlth+}
 30740 | Elf:3    | Killed a deep elf master archer
 30742 | Elf:3    | a deep elf annihilator comes into view. It is wielding the
                  | +8 Wrath of Trog {antimagic, *Rage Rampage}.
 30760 | Elf:3    | Reached skill level 10 in Throwing
 30917 | Elf:3    | Reached skill level 13 in Shields
 30946 | Elf:3    | Noticed a deep elf blademaster
 30954 | Elf:3    | Killed a deep elf blademaster
 30954 | Elf:3    | Identified the +12 tower shield "Ceobist" {rF- Will++}
                  | (Okawaru gifted it to you on level 3 of the Elven Halls)
 30954 | Elf:3    | Received a gift from Okawaru
 30962 | Elf:3    | Noticed a deep elf blademaster
 30967 | Elf:3    | Identified the +7 falchion "Vorirease" {freeze, Will+ rCorr
                  | Int-3 Dex+2}
 30985 | Elf:3    | Killed a deep elf blademaster
 31003 | Elf:3    | Noticed an Ice Fiend
 31007 | Elf:3    | HP: 36/151 [???[a deep elf demonologist] (27)]
 31075 | Elf:3    | Got Sif Muna's Codex of Evolved Company
 31088 | Elf:3    | You pick up a book of Vapours and begin reading...
 31088 | Elf:3    | You add the spells Poisonous Vapours and Mephitic Cloud to
                  | your library.
 31093 | Elf:3    | Identified the staff of death "Koyfeply" {rN+ Str+4}
 31096 | Elf:3    | Noticed a deep elf master archer
 31225 | Elf:3    | Killed a deep elf master archer
 31295 | Elf:3    | Reached skill level 14 in Shields
 31304 | Elf:3    | Identified the +9 morningstar of Poverty {holy, rElec Will-
                  | Str+4 Dex+2}
 31341 | Elf:3    | Found the +7 Throatcutter {drain, coup de grace}
 31379 | Elf:3    | Identified the staff of conjuration "Yxorrau" {rCorr Str+3
                  | Int+2}
 31389 | Elf:3    | You pick up a book of Fire and begin reading...
 31389 | Elf:3    | You add the spells Foxfire, Fireball and Starburst to your
                  | library.
 31582 | Elf:3    | You add the spells Alistair's Intoxication, Borgnjor's Vile
                  | Clutch and Eringya's Noxious Bog to your library.
 31596 | Elf:3    | You pick up a book of Callings and begin reading...
 31598 | Elf:3    | You pick up a book of the Moon and begin reading...
 31656 | Elf:3    | Noticed an Ice Fiend
 31833 | Elf:3    | Reached skill level 15 in Shields
 32620 | Snake:1  | Identified the -2 hat of the Volcano {+Blink rF+ Dex-5
                  | Slay+4} (Okawaru gifted it to you on level 1 of the Snake
                  | Pit)
 32620 | Snake:1  | Received a gift from Okawaru
 32664 | Snake:1  | You fall into a shaft and drop 1 floor!
 32724 | Snake:1  | Reached skill level 16 in Shields
 32735 | Snake:1  | Reached XP level 18. HP: 150/162 MP: 18/27
 32872 | Snake:1  | You pick up a book of Beasts and begin reading...
 33679 | Snake:1  | Reached skill level 17 in Shields
 33871 | Snake:2  | Got the Folio of Damage
 34415 | Snake:3  | Found Qaapom's Distillery.
 34417 | Snake:3  | Found Xoecviewk's Assorted Antiques.
 34420 | Snake:3  | Found Cahecots's Armour Emporium.
 34450 | Snake:3  | Noticed Saint Roka
 34453 | Snake:3  | Noticed Bai Suzhen
 34472 | Arena    | Entered the Arena
 34494 | Arena    | Killed Saint Roka
 34518 | Snake:3  | Killed Bai Suzhen
 34518 | Snake:3  | Received a gift from Okawaru
 34519 | Snake:3  | Reached skill level 18 in Shields
 34743 | Snake:3  | Found a runed translucent gate.
 34743 | Snake:3  | Found a runed translucent gate.
 34743 | Snake:3  | Found a runed translucent gate.
 35002 | Snake:3  | Noticed Aizul
 35015 | Snake:3  | Killed Aizul
 35566 | Snake:3  | Identified the +7 morningstar "Heatrimy" {flame, rC- rCorr
                  | Int+4 SInv} (Okawaru gifted it to you on level 3 of the
                  | Snake Pit)
 35566 | Snake:3  | Received a gift from Okawaru
 35631 | Snake:4  | Entered Level 4 of the Snake Pit
 35750 | Snake:4  | Reached skill level 19 in Shields
 35974 | Snake:4  | Identified the ring "Huedus" {Wiz Str+2 Stlth+}
 36356 | Snake:4  | Received a gift from Okawaru
 36421 | Snake:4  | Received a gift from Okawaru
 36820 | Snake:4  | Reached skill level 20 in Shields
 36963 | Snake:4  | Received a gift from Okawaru
 36991 | Snake:4  | Reached XP level 19. HP: 168/168 MP: 28/28
 37023 | Snake:4  | Reached skill level 1 in Dodging
 37271 | Snake:4  | Got a serpentine rune of Zot
 37374 | Snake:4  | You pick up a book of Decay and begin reading...
 37560 | Shoals:1 | Entered Level 1 of the Shoals
 37589 | Lair:3   | Reached skill level 2 in Dodging
 37601 | Lair:3   | Reached skill level 18 in Armour
 37685 | Lair:3   | Reached skill level 17 in Fighting
 37707 | Shoals:1 | Found a runed translucent door.
 37768 | Shoals:1 | Reached skill level 3 in Dodging
 38407 | Shoals:2 | Noticed Ilsuiw
 38413 | Shoals:1 | Received a gift from Okawaru
 38571 | Shoals:1 | Reached skill level 4 in Dodging
 38738 | Shoals:2 | Killed Ilsuiw
 38956 | Shoals:2 | Received a gift from Okawaru
 38972 | Shoals:2 | Reached skill level 5 in Dodging
 39032 | Shoals:2 | Identified the +5 ring mail of Action {rF+}
 39192 | Shoals:2 | You pick up a book of the Wilderness and begin reading...
 39668 | Shoals:3 | Reached skill level 6 in Dodging
 39823 | Shoals:3 | Found a runed translucent gate.
 39823 | Shoals:3 | Found a runed translucent gate.
 39823 | Shoals:3 | Found a runed translucent gate.
 39827 | Shoals:3 | Noticed Diczilox's ghost (adept OpWn)
 40273 | Shoals:4 | Entered Level 4 of the Shoals
 40501 | Shoals:4 | Reached skill level 7 in Dodging
 40564 | Shoals:4 | You pick up a book of Hexes and begin reading...
 40850 | Shoals:4 | Reached skill level 8 in Dodging
 41138 | Shoals:4 | Received a gift from Okawaru
 41182 | Shoals:4 | Got a barnacled rune of Zot
 41511 | Vaults:1 | Entered Level 1 of the Vaults
 41556 | Vaults:1 | Found a portal to a secret trove of treasure.
 41564 | Vaults:1 | This trove needs 11 potions of heal wounds to function.
                  | Give it the items?
 41803 | Snake:3  | Bought 2 potions of curing for 72 gold pieces
 41803 | Snake:3  | Bought a potion of resistance for 120 gold pieces
 41803 | Snake:3  | Bought a potion of curing for 36 gold pieces
 41803 | Snake:3  | Bought a potion of heal wounds for 60 gold pieces
 42063 | Elf:3    | Bought 3 potions of heal wounds for 225 gold pieces
 42256 | Vaults:1 | This trove needs 11 potions of heal wounds to function.
                  | Give it the items?
 42259 | Vaults:1 | This trove needs 11 potions of heal wounds to function.
                  | Give it the items?
 42259 | Vaults:1 | You paid a toll of 11 potions of heal wounds to enter a
                  | treasure trove
 42260 | Trove    | Entered a treasure trove
 42265 | Trove    | Identified the +2 longbow of Goijupo {heavy, rElec rPois
                  | rF- Int+3}
 42268 | Trove    | Identified the +11 longbow "Hotauni" {antimagic, Dex+3}
 42270 | Trove    | Identified the +1 hand axe of Jaosacs {antimagic, rF++
                  | Stlth+}
 42272 | Trove    | Identified the +3 falchion "Hoch" {freeze, Str+2}
 42278 | Trove    | Identified +0 gold dragon scales
 42279 | Trove    | h - +0 gold dragon scales {rare}
 42348 | D:14     | You finish putting on your +0 gold dragon scales {rare}.
 42348 | D:14     | your +0 gold dragon scales {rare} glow green for a moment.
 42349 | D:14     | your +1 gold dragon scales {rare} glow green for a moment.
 42350 | D:14     | your +2 gold dragon scales {rare} glow green for a moment.
 42351 | D:14     | your +3 gold dragon scales {rare} glow green for a moment.
 42352 | D:14     | your +4 gold dragon scales {rare} glow green for a moment.
 42353 | D:14     | your +5 gold dragon scales {rare} glow green for a moment.
 42445 | Vaults:1 | Identified the +1 rapier "Kuxzic" {elec, rPois Int+3}
 42497 | Vaults:1 | Reached skill level 18 in Fighting
 42580 | Vaults:1 | Identified the +1 pair of gloves "Toidis" {rElec Slay+6}
                  | (Okawaru gifted it to you on level 1 of the Vaults)
 42580 | Vaults:1 | Received a gift from Okawaru
 42675 | Vaults:1 | Reached XP level 20. HP: 183/183 MP: 29/29
 43032 | Vaults:1 | Reached skill level 19 in Fighting
 43368 | Vaults:1 | You pick up a book of Alchemy and begin reading...
 43368 | Vaults:1 | You add the spells Sublimation of Blood, Petrify and
                  | Irradiate to your library.
 43634 | Vaults:2 | Reached skill level 20 in Fighting
 43656 | Vaults:2 | your +6 gold dragon scales {rare} glow green for a moment.
 43790 | Vaults:2 | Found a magical portal.
 43829 | WizLab   | Entered Doroklohe's Tomb
 44116 | WizLab   | Noticed a royal mummy
 44137 | WizLab   | HP: 36/189 [death scarab[a royal mummy] (13)]
 44141 | WizLab   | Killed a royal mummy
 44292 | WizLab   | Found the +5 robe of Night {Dark Will+ SInv}
 44333 | WizLab   | Identified the +2 leather armour of Deedaog {rF+}
 44402 | WizLab   | Identified the orb "Kutz" {*Rage, -Tele rF+ Regen+ rCorr}
 44545 | Vaults:2 | You pick up a book of Winter and begin reading...
 44572 | Vaults:2 | Identified the +0 ring mail of the Heron {rN+ SInv}
 44599 | Vaults:2 | Identified the +1 helmet of Tenacity {Contam MP+9 Str+8
                  | Dex+3} (Okawaru gifted it to you on level 2 of the Vaults)
 44599 | Vaults:2 | Received a gift from Okawaru
 44936 | Vaults:2 | Reached skill level 21 in Fighting
 45185 | Vaults:2 | Gained mutation: You are vulnerable to heat. (rF-) [a
                  | shining eye]
 45417 | Vaults:2 | Reached skill level 19 in Armour
 45487 | Vaults:2 | Found a staircase to the Crypt.
 45856 | Vaults:3 | Noticed Frederick
 45870 | Vaults:3 | Killed Frederick
 46020 | Vaults:3 | Reached skill level 20 in Armour
 46020 | Vaults:3 | Reached XP level 21. HP: 179/197 MP: 30/30
 46208 | Vaults:3 | your +7 gold dragon scales {rare} glow green for a moment.
 46322 | Vaults:3 | Found a runed translucent gate.
 46322 | Vaults:3 | Found a runed translucent gate.
 46322 | Vaults:3 | Found a runed translucent gate.
 46323 | Vaults:3 | Noticed Inath's ghost (adept OpTm)
 46420 | Vaults:3 | Reached skill level 21 in Armour
 46425 | Vaults:3 | Received a gift from Okawaru
 46771 | Vaults:3 | an ironbound preserver comes into view. It is wielding the
                  | +5 demon whip "Spellbinder" {antimagic, disrupt, Will+}.
 46949 | Vaults:3 | Reached skill level 1 in Evocations
 46969 | Vaults:3 | Received a gift from Okawaru
 46974 | Vaults:3 | Reached skill level 2 in Evocations
 47011 | Vaults:3 | Reached skill level 3 in Evocations
 47074 | Vaults:3 | Could not pick up a +0 eveningstar of draining {macerare=g}
                  | here; ([A]lways) ignore it?
 47239 | Vaults:3 | Reached skill level 4 in Evocations
 47251 | Vaults:3 | +0 storm dragon scales {rare}; a storm dragon corpse
 47251 | Vaults:3 | +0 storm dragon scales {rare}; a storm dragon corpse
 47251 | Vaults:3 | Could not pick up +0 storm dragon scales {rare} here;
                  | ([A]lways) ignore it?
 47316 | Vaults:3 | Identified the staff of conjuration "Feposcha" {rElec rC+
                  | Will++ Str-3}
 47323 | Vaults:3 | You pick up a book of Fire and begin reading...
 47356 | Vaults:3 | +0 storm dragon scales {rare}; a storm dragon corpse
 47378 | Vaults:3 | You pick up a book of Rime and begin reading...
 47378 | Vaults:3 | You add the spells Frozen Ramparts and Ice Form to your
                  | library.
 47408 | Vaults:3 | +0 storm dragon scales {rare}; a storm dragon corpse
 47580 | Vaults:4 | Received a gift from Okawaru
 47620 | Vaults:4 | Reached skill level 5 in Evocations
 47635 | Vaults:4 | Reached skill level 22 in Armour
 47889 | Vaults:4 | Reached skill level 6 in Evocations
 48033 | Vaults:4 | Received a gift from Okawaru
 48035 | Vaults:4 | Reached skill level 7 in Evocations
 49045 | Depths:1 | Entered Level 1 of the Depths
 49080 | Depths:1 | Found a gateway to Hell.
 49373 | Depths:1 | You fall into a shaft and drop 1 floor!
 49402 | Depths:2 | Reached skill level 23 in Armour
 49420 | Depths:2 | Received a gift from Okawaru
 49484 | Depths:2 | Reached XP level 22. HP: 181/206 MP: 13/31
 49508 | Depths:2 | Identified the +8 halberd of Sudden Death {spect, rElec
                  | Int+9}
 49534 | Depths:2 | You pick up a book of Burglary and begin reading...
 49535 | Depths:2 | Identified the ring of Mirisyib {Fly rElec rPois Dex-2
                  | Stlth+}
 49630 | Depths:2 | Identified the staff of earth "Kairea" {Drain Str+4 Int+3}
 49695 | Depths:2 | Found a one-way gate to the infinite horrors of the Abyss.
 49735 | Depths:2 | Reached skill level 24 in Armour
 49832 | Depths:2 | Identified the +2 dagger of the Equinox {spect, SInv
                  | Stlth+}
 50393 | Depths:1 | Found a one-way gate leading to the halls of Pandemonium.
 50719 | Depths:1 | Found a one-way gateway to a ziggurat.
 50801 | Depths:1 | Reached skill level 25 in Armour
 51195 | Depths:2 | Found Poibe's Armour Boutique.
 51372 | Depths:2 | Received a gift from Okawaru
 51575 | D:12     | +0 shadow dragon scales {rare}; a sphinx corpse; a shadow
                  | dragon corpse
 51596 | D:12     | +0 shadow dragon scales {rare}; a sphinx corpse; a shadow
                  | dragon corpse
 51598 | D:12     | +0 shadow dragon scales {rare}; a sphinx corpse; a shadow
                  | dragon corpse
 51600 | D:12     | +0 shadow dragon scales {rare}; a sphinx corpse; a shadow
                  | dragon corpse
 51600 | D:12     | +0 shadow dragon scales {rare}; a sphinx corpse; a shadow
                  | dragon corpse
 51600 | D:12     | Could not pick up +0 shadow dragon scales {rare} here;
                  | ([A]lways) ignore it?
 51643 | D:12     | Killed Rudyous's ghost
 51778 | Orc:2    | Bought a scroll of enchant armour for 105 gold pieces
 51778 | Orc:2    | your +8 gold dragon scales {rare} glow green for a moment.
 53086 | Depths:2 | Lost mutation: You are vulnerable to heat. (rF-) [potion of
                  | mutation]
 53086 | Depths:2 | Lost mutation: Your flesh is cold resistant. (rC+) [potion
                  | of mutation]
 53086 | Depths:2 | Lost mutation: You expend magic power (3 MP) to strengthen
                  | your wands. [potion of mutation]
 53086 | Depths:2 | Lost mutation: You are frail. (-10% HP) [potion of
                  | mutation]
 53086 | Depths:2 | Gained mutation: You are occasionally teleported next to
                  | monsters. [potion of mutation]
 53086 | Depths:2 | Lost mutation: You are occasionally teleported next to
                  | monsters. [potion of mutation]
 53086 | Depths:2 | Gained mutation: You occasionally shout uncontrollably at
                  | your foes. [potion of mutation]
 53086 | Depths:2 | Gained mutation: You are highly strong-willed. (Will++)
                  | [potion of mutation]
 53087 | Depths:2 | Lost mutation: You occasionally shout uncontrollably at
                  | your foes. [potion of mutation]
 53087 | Depths:2 | Lost mutation: You are highly strong-willed. (Will++)
                  | [potion of mutation]
 53087 | Depths:2 | Lost mutation: A frigid envelope surrounds you and freezes
                  | all who hurt you. [potion of mutation]
 53087 | Depths:2 | Lost mutation: You are strong-willed. (Will+) [potion of
                  | mutation]
 53087 | Depths:2 | Gained mutation: You have a somewhat thin skeletal
                  | structure. (Dex +2, Stealth+) [potion of mutation]
 53087 | Depths:2 | Gained mutation: You sometimes lose your temper in combat.
                  | [potion of mutation]
 53087 | Depths:2 | Gained mutation: You expend magic power (3 MP) to
                  | strengthen your wands. [potion of mutation]
 53088 | Depths:2 | Lost mutation: You expend magic power (3 MP) to strengthen
                  | your wands. [potion of mutation]
 53088 | Depths:2 | Lost mutation: You have a somewhat thin skeletal structure.
                  | (Dex +2, Stealth+) [potion of mutation]
 53088 | Depths:2 | Lost mutation: You sometimes lose your temper in combat.
                  | [potion of mutation]
 53088 | Depths:2 | Gained mutation: A frigid envelope surrounds you and
                  | freezes all who hurt you. [potion of mutation]
 53088 | Depths:2 | Gained mutation: You have hidden genetic potential. [potion
                  | of mutation]
 53088 | Depths:2 | Gained mutation: You have sharp toenails. [potion of
                  | mutation]
 53088 | Depths:2 | Gained mutation: Your mind is acute. (Int +4, Str/Dex -1)
                  | [potion of mutation]
 53088 | Depths:2 | Gained mutation: You are partially covered in iridescent
                  | scales. (AC +2) [potion of mutation]
 53088 | Depths:2 | Lost mutation: You have sharp toenails. [potion of
                  | mutation]
 53088 | Depths:2 | Gained mutation: You are strong-willed. (Will+) [potion of
                  | mutation]
 53148 | Depths:3 | your +9 gold dragon scales {rare} glow green for a moment.
 53533 | Depths:3 | You pick up a book of Spatial Translocations and begin
                  | reading...
 53533 | Depths:3 | You add the spells Blink and Momentum Strike to your
                  | library.
 53862 | Depths:3 | Gained mutation: You occasionally shout uncontrollably at
                  | your foes. [a neqoxec]
 53982 | Depths:3 | Noticed a golden dragon
 54137 | Depths:4 | Entered Level 4 of the Depths
 54163 | Depths:3 | Reached skill level 26 in Armour
 54268 | Depths:3 | Identified the +4 flail of Sloth {spect, rN+++ Int-5 Dex+4}
                  | (Okawaru gifted it to you on level 3 of the Depths)
 54268 | Depths:3 | Received a gift from Okawaru
 54912 | Elf:3    | Bought a potion of lignification for 45 gold pieces
 54912 | Elf:3    | Bought a potion of curing for 45 gold pieces
 54912 | Elf:3    | Bought a potion of cancellation for 120 gold pieces
 54912 | Elf:3    | Bought a potion of berserk rage for 75 gold pieces
 54912 | Elf:3    | Bought a potion of curing for 45 gold pieces
 54912 | Elf:3    | Bought 2 potions of haste for 300 gold pieces
 55412 | Depths:4 | +0 shadow dragon scales {rare}; a shadow dragon corpse
 55578 | Depths:4 | Found Vethrufo's General Store.
 55591 | Depths:4 | Bought a scroll of enchant weapon for 127 gold pieces
 55591 | Depths:4 | Bought a potion of heal wounds for 85 gold pieces
 55593 | Depths:4 | Found Xunefiw's Jewellery Shop.
 55644 | Depths:4 | Found Witi Zitt's Weapon Emporium.
 55655 | Depths:4 | You pick up a book of Dreams and begin reading...
 55733 | Depths:4 | Found Yqeuper's Antique Weapon Boutique.
 55788 | Depths:4 | Found a gate to the Realm of Zot.
 55820 | Depths:4 | Found Kohu's Magic Scroll Shop.
 55824 | Depths:4 | Bought a scroll of enchant armour for 127 gold pieces
 55824 | Depths:4 | Bought a scroll of blinking for 127 gold pieces
 55824 | Depths:4 | Bought a scroll of enchant armour for 127 gold pieces
 55824 | Depths:4 | your +10 gold dragon scales {rare} glow green for a moment.
 55825 | Depths:4 | your +11 gold dragon scales {rare} glow green for a moment.
 56167 | Vaults:5 | Entered Level 5 of the Vaults
 56302 | Vaults:5 | Reached skill level 27 in Armour
 56344 | Vaults:5 | Received a gift from Okawaru
 56355 | Vaults:5 | Reached XP level 23. HP: 235/235 MP: 13/32
 56497 | Vaults:5 | You pick up a book of Fire and begin reading...
 56546 | Vaults:5 | Noticed an ancient lich
 56560 | Vaults:5 | Killed an ancient lich
 56615 | Vaults:5 | Identified the +0 pair of boots "Esicuahyre" {Harm *Slow
                  | rN+++ rCorr}
 56620 | Vaults:5 | You pick up a book of Iron and begin reading...
 56620 | Vaults:5 | You add the spells Blade Hands and Iron Shot to your
                  | library.
 56993 | Vaults:5 | Received a gift from Okawaru
 56993 | Vaults:5 | Found the +7 Kryia's mail coat {PotionHeal*2 rC+}
 57216 | Vaults:5 | You pick up a book of Rime and begin reading...
 57305 | Vaults:5 | Reached skill level 22 in Fighting
 57726 | Vaults:5 | Identified the +1 leather armour "Fida" {Slay+5}
 57751 | Vaults:5 | Noticed a dread lich
 57778 | Vaults:5 | Killed a dread lich
 57779 | Vaults:5 | Reached skill level 21 in Shields
 57792 | Vaults:5 | Gained mutation: You have large cloven feet. [hidden
                  | potential]
 58025 | Vaults:5 | Identified the staff of poison "Wyacabol" {rPois Dex+3
                  | SInv}
 58315 | Vaults:5 | Received a gift from Okawaru
 58368 | Vaults:5 | Got a silver rune of Zot
 58465 | Vaults:5 | You pick up a book of the Dragon and begin reading...
 58473 | Vaults:5 | Noticed Boris
 58506 | Vaults:5 | Killed Boris
 58507 | Vaults:5 | Reached skill level 22 in Shields
 58693 | Vaults:5 | Found Ynifye's Distillery.
 58705 | Vaults:5 | Bought 2 potions of curing for 120 gold pieces
 58705 | Vaults:5 | Bought a potion of heal wounds for 100 gold pieces
 58705 | Vaults:5 | Bought a potion of curing for 60 gold pieces
 58705 | Vaults:5 | Bought a potion of cancellation for 160 gold pieces
 58705 | Vaults:5 | Bought a potion of curing for 60 gold pieces
 59004 | Zot:1    | Entered Level 1 of the Realm of Zot
 59062 | Zot:1    | Upgraded the game from 0.30-a0-1112-gfb780f5df6 to
                  | 0.30-a0-1114-gd936c97349
 59212 | Zot:1    | Noticed a curse toe
 59212 | Zot:1    | Noticed an electric golem
 59227 | Zot:1    | Killed an electric golem
 59236 | Zot:1    | Killed a curse toe
 59770 | Zot:1    | Identified the +6 spear "Jiticw" {spect, rC+ Int-3 Dex+4}
                  | (Okawaru gifted it to you on level 1 of the Realm of Zot)
 59770 | Zot:1    | Received a gift from Okawaru
 59841 | Zot:1    | Noticed Vv
 59860 | Zot:1    | Noticed an orb of fire
 59884 | Zot:1    | Killed Vv
 59897 | Zot:1    | Killed an orb of fire
 59898 | Zot:1    | Reached XP level 24. HP: 163/249 MP: 10/32
 59905 | Zot:1    | +0 storm dragon scales {rare}; a storm dragon corpse
 59966 | Zot:1    | +0 storm dragon scales {rare}; a storm dragon corpse
 60225 | Zot:1    | Found a runed translucent door.
 60225 | Zot:1    | Found a shimmering altar of Xom.
 60225 | Zot:1    | Noticed SprigganGuy's ghost (veteran SpHu)
 60644 | D:7      | Killed AwFulAwFulPlayer's ghost
 60778 | Lair:1   | Found a broken altar of Ashenzari.
 60866 | Lair:2   | Killed crux's ghost
 61225 | Lair:4   | Found a staircase to the Slime Pits.
 61388 | Shoals:1 | You pick up a book of Dreams and begin reading...
 61456 | Shoals:3 | Killed Diczilox's ghost
 61705 | Snake:3  | Reached skill level 23 in Shields
 62095 | Vaults:3 | Killed Inath's ghost
 62110 | Vaults:3 | Identified the +7 chain mail "Miffocka" {Rampage rC++}
                  | (Okawaru gifted it to you on level 3 of the Vaults)
 62110 | Vaults:3 | Received a gift from Okawaru
 62130 | Vaults:3 | Identified the ring "Pakesmil" {Fire SInv}
 62139 | Vaults:3 | Identified the ring "Gasym" {Wiz rPois}
 62566 | Zot:2    | HP: 61/249 [black draconian knight/bolt of lightning[a
                  | yellow draconian annihilator] (10)]
 62586 | Zot:1    | Reached skill level 23 in Fighting
 62921 | Zot:1    | +0 storm dragon scales {rare}; a +0 scimitar {long}
 62930 | Zot:2    | You pick up a book of Changes and begin reading...
 62963 | Zot:2    | Identified +0 gold dragon scales
 62965 | Zot:2    | +0 gold dragon scales {rare}; a golden dragon corpse
 63085 | Zot:2    | Gained mutation: You have a pair of small antennae on your
                  | head. [hidden potential]
 63085 | Zot:2    | Lost mutation: You have hidden genetic potential. [hidden
                  | potential expressed]
 63111 | Zot:1    | Gained mutation: You are clumsy. (Dex -2) [mutagenic glow]
 63255 | Zot:2    | +0 shadow dragon scales {rare}; a shadow dragon corpse
 63381 | Zot:2    | Found a bloodstained altar of Trog.
 63402 | Zot:2    | +0 gold dragon scales {rare}; a golden dragon skeleton
 63402 | Zot:2    | +0 gold dragon scales {rare}; a golden dragon skeleton
 63402 | Zot:2    | Could not pick up +0 gold dragon scales {rare} here;
                  | ([A]lways) ignore it?
 63502 | Zot:2    | Noticed an electric golem
 63535 | Zot:2    | Killed an electric golem
 64229 | Zot:3    | Reached skill level 24 in Shields
 64301 | Zot:3    | You pick up a book of Flames and begin reading...
 64301 | Zot:3    | You add the spells Sticky Flame and Flame Wave to your
                  | library.
 64447 | Zot:3    | Noticed an orb of fire
 64469 | Zot:3    | Killed an orb of fire
 64469 | Zot:3    | Received a gift from Okawaru
 64696 | Zot:3    | Noticed an electric golem
 64737 | Zot:3    | Killed an electric golem
 64896 | Zot:3    | Noticed a Killer Klown
 64933 | Zot:3    | Killed a Killer Klown
 65042 | Zot:3    | Reached XP level 25. HP: 192/262 MP: 10/32
 65160 | Zot:3    | Received a gift from Okawaru
 65186 | Zot:2    | Lost mutation: You occasionally shout uncontrollably at
                  | your foes. [potion of mutation]
 65186 | Zot:2    | Lost mutation: You are clumsy. (Dex -2) [potion of
                  | mutation]
 65186 | Zot:2    | Lost mutation: A frigid envelope surrounds you and freezes
                  | all who hurt you. [potion of mutation]
 65186 | Zot:2    | Lost mutation: You are strong-willed. (Will+) [potion of
                  | mutation]
 65186 | Zot:2    | Gained mutation: You occasionally shout uncontrollably at
                  | your foes. [potion of mutation]
 65186 | Zot:2    | Gained mutation: Your spells are a little easier to cast,
                  | but a little less powerful. [potion of mutation]
 65186 | Zot:2    | Lost mutation: You have a pair of small antennae on your
                  | head. [potion of mutation]
 65186 | Zot:2    | Gained mutation: Your muscles are strong. (Str +4, Int/Dex
                  | -1) [potion of mutation]
 65895 | Zot:3    | Reached skill level 24 in Fighting
 65906 | Zot:4    | Noticed an orb of fire
 66024 | Zot:4    | Gained mutation: You sometimes lose your temper in combat.
                  | [an orb of fire]
 66033 | Zot:4    | Killed an orb of fire
 66132 | Zot:3    | Lost mutation: You have large cloven feet. [potion of
                  | mutation]
 66132 | Zot:3    | Lost mutation: You are partially covered in iridescent
                  | scales. (AC +2) [potion of mutation]
 66132 | Zot:3    | Lost mutation: You occasionally shout uncontrollably at
                  | your foes. [potion of mutation]
 66132 | Zot:3    | Lost mutation: Your mind is acute. (Int +4, Str/Dex -1)
                  | [potion of mutation]
 66132 | Zot:3    | Lost mutation: You sometimes lose your temper in combat.
                  | [potion of mutation]
 66132 | Zot:3    | Lost mutation: Your spells are a little easier to cast, but
                  | a little less powerful. [potion of mutation]
 66132 | Zot:3    | Gained mutation: Your spells are a little harder to cast,
                  | but a little more powerful. [potion of mutation]
 66132 | Zot:3    | Gained mutation: Your tail ends in a venomous barb. [potion
                  | of mutation]
 66132 | Zot:3    | Lost mutation: Your spells are a little harder to cast, but
                  | a little more powerful. [potion of mutation]
 66132 | Zot:3    | Gained mutation: Your magical capacity is low. (-10% MP)
                  | [potion of mutation]
 66132 | Zot:3    | Gained mutation: You are strong-willed. (Will+) [potion of
                  | mutation]
 66352 | Zot:4    | Reached skill level 25 in Shields
 66362 | Zot:4    | Received a gift from Okawaru
 66567 | Zot:4    | Noticed an electric golem
 66615 | Zot:4    | Killed an electric golem
 66672 | Zot:4    | Identified +0 gold dragon scales
 66674 | Zot:4    | +0 gold dragon scales {rare}; a golden dragon corpse
 67101 | Zot:5    | Entered Level 5 of the Realm of Zot
 67818 | Zot:5    | Noticed an orb of fire
 67819 | Zot:5    | Noticed an orb of fire
 67831 | Zot:5    | Noticed an orb of fire
 67839 | Zot:4    | Killed an orb of fire
 67845 | Zot:4    | +0 storm dragon scales {rare}; a storm dragon corpse
 67909 | Zot:5    | Killed an orb of fire
 67919 | Zot:5    | Noticed an orb of fire
 67924 | Zot:5    | Gained mutation: You are frail. (-10% HP) [an orb of fire]
 67943 | Zot:5    | Killed an orb of fire
 67955 | Zot:5    | Noticed an orb of fire
 67968 | Zot:5    | Gained mutation: You are very frail. (-20% HP) [an orb of
                  | fire]
 67981 | Zot:5    | Noticed an orb of fire
 67982 | Zot:5    | Killed an orb of fire
 67982 | Zot:5    | Received a gift from Okawaru
 67994 | Zot:5    | Gained mutation: Your body sometimes deteriorates upon
                  | taking damage. [an orb of fire]
 68001 | Zot:5    | Killed an orb of fire
 68006 | Zot:5    | Killed an orb of fire
 68006 | Zot:5    | Received a gift from Okawaru
 68073 | Zot:5    | Noticed an orb of fire
 68076 | Zot:5    | Gained mutation: You are extremely frail. (-30% HP) [an orb
                  | of fire]
 68102 | Zot:5    | Noticed an orb of fire
 68117 | Zot:5    | Killed an orb of fire
 68138 | Zot:5    | Killed an orb of fire
 68139 | Zot:5    | Reached skill level 26 in Shields
 68183 | Zot:4    | Lost mutation: You are strong-willed. (Will+) [potion of
                  | mutation]
 68183 | Zot:4    | Lost mutation: You are extremely frail. (-30% HP) [potion
                  | of mutation]
 68183 | Zot:4    | Lost mutation: Your tail ends in a venomous barb. [potion
                  | of mutation]
 68183 | Zot:4    | Lost mutation: You are very frail. (-20% HP) [potion of
                  | mutation]
 68183 | Zot:4    | Lost mutation: Your magical capacity is low. (-10% MP)
                  | [potion of mutation]
 68183 | Zot:4    | Lost mutation: Your muscles are strong. (Str +4, Int/Dex
                  | -1) [potion of mutation]
 68183 | Zot:4    | Gained mutation: You expend magic power (3 MP) to
                  | strengthen your wands. [potion of mutation]
 68183 | Zot:4    | Gained mutation: You have a pair of small antennae on your
                  | head. [potion of mutation]
 68183 | Zot:4    | Gained mutation: You passively map a small area around you.
                  | [potion of mutation]
 68183 | Zot:4    | Gained mutation: Your flesh is heat resistant. (rF+)
                  | [potion of mutation]
 68183 | Zot:4    | Gained mutation: Your muscles are strong. (Str +4, Int/Dex
                  | -1) [potion of mutation]
 68183 | Zot:4    | Gained mutation: You are agile. (Dex +4, Str/Int -1)
                  | [potion of mutation]
 68184 | Zot:4    | Lost mutation: Your muscles are strong. (Str +4, Int/Dex
                  | -1) [potion of mutation]
 68184 | Zot:4    | Lost mutation: You passively map a small area around you.
                  | [potion of mutation]
 68184 | Zot:4    | Lost mutation: Your flesh is heat resistant. (rF+) [potion
                  | of mutation]
 68184 | Zot:4    | Lost mutation: You expend magic power (3 MP) to strengthen
                  | your wands. [potion of mutation]
 68184 | Zot:4    | Lost mutation: Your body sometimes deteriorates upon taking
                  | damage. [potion of mutation]
 68184 | Zot:4    | Lost mutation: You are frail. (-10% HP) [potion of
                  | mutation]
 68184 | Zot:4    | Gained mutation: You are strong-willed. (Will+) [potion of
                  | mutation]
 68184 | Zot:4    | Gained mutation: Your magical capacity is low. (-10% MP)
                  | [potion of mutation]
 68184 | Zot:4    | Gained mutation: You are covered in fur. (AC +1) [potion of
                  | mutation]
 68184 | Zot:4    | Gained mutation: Your spells are a little harder to cast,
                  | but a little more powerful. [potion of mutation]
 68185 | Zot:4    | Lost mutation: You are strong-willed. (Will+) [potion of
                  | mutation]
 68185 | Zot:4    | Lost mutation: You have a pair of small antennae on your
                  | head. [potion of mutation]
 68185 | Zot:4    | Lost mutation: You are covered in fur. (AC +1) [potion of
                  | mutation]
 68185 | Zot:4    | Lost mutation: Your magical capacity is low. (-10% MP)
                  | [potion of mutation]
 68185 | Zot:4    | Gained mutation: You passively map a small area around you.
                  | [potion of mutation]
 68185 | Zot:4    | Gained mutation: You are resistant to electric shocks.
                  | (rElec) [potion of mutation]
 68194 | Zot:4    | Gained mutation: Your body sometimes deteriorates upon
                  | taking damage. [mutagenic glow]
 68278 | Zot:5    | Noticed an ancient lich
 68278 | Zot:5    | Noticed a Killer Klown
 68290 | Zot:5    | Killed an ancient lich
 68305 | Zot:5    | Killed a Killer Klown
 68369 | Zot:5    | Noticed a Killer Klown
 68373 | Zot:5    | Noticed an orb of fire
 68374 | Zot:5    | Reached skill level 25 in Fighting
 68581 | Zot:5    | Gained mutation: You occasionally lose the ability to drink
                  | potions when taking damage. [an orb of fire]
 68583 | Zot:5    | Noticed an orb of fire
 68586 | Zot:5    | Noticed an orb of fire
 68623 | Zot:4    | Killed an orb of fire
 68638 | Zot:4    | Killed an orb of fire
 68645 | Zot:4    | Killed a Killer Klown
 68659 | Zot:5    | Gained mutation: Your body often deteriorates upon taking
                  | damage. [an orb of fire]
 68670 | Zot:5    | Killed an orb of fire
 68782 | Zot:4    | Lost mutation: You occasionally lose the ability to drink
                  | potions when taking damage. [potion of mutation]
 68782 | Zot:4    | Lost mutation: Your spells are a little harder to cast, but
                  | a little more powerful. [potion of mutation]
 68782 | Zot:4    | Lost mutation: You are resistant to electric shocks.
                  | (rElec) [potion of mutation]
 68782 | Zot:4    | Lost mutation: Your body often deteriorates upon taking
                  | damage. [potion of mutation]
 68782 | Zot:4    | Lost mutation: You are agile. (Dex +4, Str/Int -1) [potion
                  | of mutation]
 68782 | Zot:4    | Lost mutation: Your body sometimes deteriorates upon taking
                  | damage. [potion of mutation]
 68782 | Zot:4    | Gained mutation: You are dopey. (Int -2) [potion of
                  | mutation]
 68782 | Zot:4    | Gained mutation: Your spells are a little harder to cast,
                  | but a little more powerful. [potion of mutation]
 68782 | Zot:4    | Gained mutation: Your flesh is heat resistant. (rF+)
                  | [potion of mutation]
 68831 | Zot:5    | Noticed a Killer Klown
 68841 | Zot:5    | Killed a Killer Klown
 68848 | Zot:5    | Identified the +2 barding of Hait {rC+ Str+8 Dex-4 Slay+2}
                  | (Okawaru gifted it to you on level 5 of the Realm of Zot)
 68848 | Zot:5    | Received a gift from Okawaru
 68858 | Zot:5    | Noticed a dread lich
 68873 | Zot:5    | Gained mutation: You have hidden genetic potential. [a
                  | cacodemon]
 68987 | Zot:4    | Killed a dread lich
 68988 | Zot:4    | Reached XP level 26. HP: 276/276 MP: 13/32
 69073 | Zot:5    | Noticed an electric golem
 69181 | Zot:4    | Killed an electric golem
 69239 | Zot:5    | Noticed an electric golem
 69265 | Zot:5    | Killed an electric golem
 69524 | Zot:5    | Got the Orb of Zot
 70047 | D:$      | Escaped with the Orb!

Vanquished Creatures
  14 orbs of fire
  2 ancient liches
  2 dread liches
  A royal mummy (WizLab)
  Vv (Zot:1)
  Boris (Vaults:5)
  Frederick (Vaults:3)
  4 Killer Klowns
  Bai Suzhen (Snake:3)
  Saint Roka (Arena)
  A curse toe (Zot:1)
  7 golden dragons
  6 electric golems
  The ghost of Inath the Black Belt, an adept OpTm of Cheibriados (Vaults:3)
  3 liches
  19 tentacled monstrosities
  26 Orb Guardians
  2 deep elf blademasters (Elf:3)
  A quicksilver dragon (Depths:2)
  6 death cobs
  3 titans
  A walking divine tome (Depths:2)
  2 deep elf master archers (Elf:3)
  9 sphinxes
  5 draconian monks
  6 tengu reavers
  10 shadow dragons
  16 storm dragons
  The ghost of Diczilox the Cloud Mage, an adept OpWn of Gozag (Shoals:3)
  4 nagarajas
  Ilsuiw (Shoals:2)
  A revenant (Vaults:3)
  10 fire giants
  An iron dragon (Depths:3)
  13 frost giants
  A juggernaut zombie (WizLab)
  8 draconian knights
  Aizul (Snake:3)
  5 draconian stormcallers
  9 deep elf sorcerers
  3 ghost moths
  7 draconian shifters
  19 vault wardens
  11 draconian scorchers
  2 balrugs
  4 deep elf elementalists (Elf:3)
  A ghost moth (shapeshifter) (Vaults:5)
  6 orc warlords
  10 stone giants
  6 draconian annihilators
  3 war gargoyles
  16 ironbound preservers
  2 vampire knights
  A reaper (IceCv)
  22 very ugly things
  7 ironbound thunderhulks
  12 deep elf demonologists
  6 green draconians
  Nessos (Lair:3)
  13 deep elf annihilators
  13 black draconians
  The ghost of Rudyous the Destroyer, a journeyman DsFE of Sif Muna (D:12)
  11 purple draconians
  12 white draconians
  13 yellow draconians
  A spark wasp (Depths:2)
  13 red draconians
  A blizzard demon (Depths:2)
  3 eidola (Vaults:3)
  7 ettins
  A crystal guardian (Vaults:2)
  4 merfolk javelineers
  An entropy weaver (Vaults:3)
  12 deep elf death magi
  13 yaktaur captains
  5 merfolk impalers (Shoals:4)
  12 fire dragons
  7 great orbs of eyes
  A mummy priest (WizLab)
  8 deep elf high priests
  5 hydras
  2 rakshasas (Depths:2)
  The ghost of crux the Martial Artist, a journeyman OpTm of Cheibriados (Lair:2)
  40 vault guards
  2 peacekeepers (Vaults:2)
  8 ice dragons
  2 spriggan air magi (Depths:3)
  6 merfolk avatars
  6 ironbound frosthearts
  2 catoblepae
  A salamander tyrant (Snake:3)
  3 satyrs
  18 centaur warriors
  10 anacondas
  15 dancing weapons
  10 merfolk aquamancers
  2 death knights (Vaults:2)
  8 deep troll earth magi
  7 two-headed ogres
  An alligator snapping turtle (Shoals:2)
  5 boulder beetles
  17 naga warriors
  8 tengu warriors
  2 vampire magi
  7 deep troll shamans
  14 shock serpents
  13 death yaks
  5 orc high priests (Orc:2)
  2 spriggan berserkers
  A soul eater (Zot:1)
  4 sun demons
  12 deep elf knights
  The ghost of AwFulAwFulPlayer the Carver, a novice DrGl of Okawaru (D:7)
  23 hell knights
  15 naga sharpshooters
  A titan skeleton (Depths:2)
  3 iron trolls
  A shadow wraith (Vaults:2)
  3 sixfirhies
  5 glowing orange brains
  7 skysharks
  A goliath frog (shapeshifter) (Vaults:3)
  7 salamander mystics
  12 sea snakes
  4 flayed ghosts
  51 deep trolls
  7 naga ritualists
  5 shadow demons
  5 lindwurms
  A lindwurm (shapeshifter) (Vaults:5)
  An orange crystal statue (Vaults:4)
  13 ironbound convokers
  16 orc knights
  Pikel (D:7)
  3 tengu zombies
  8 phantasmal warriors (Vaults:3)
  5 wizards
  3 deep elf archers (Elf:3)
  11 necromancers
  20 deep elf zephyrmancers
  16 harpies
  A stone giant zombie (WizLab)
  A wolf spider (Lair:4)
  A cyclops (shapeshifter) (Depths:3)
  An iron dragon zombie (WizLab)
  22 manticores
  15 mana vipers
  A frost giant zombie (WizLab)
  32 ugly things
  A shining eye (shapeshifter) (Vaults:2)
  3 oklob plants
  12 cyclopes
  22 moths of wrath
  25 deep elf pyromancers
  4 orc sorcerers
  7 large abominations
  6 fauns
  7 elephants
  A frost giant skeleton (Depths:2)
  23 salamanders
  16 vault sentinels
  A demonspawn zombie (WizLab)
  A centaur zombie (D:15)
  6 water nymphs
  16 merfolk sirens
  42 black mambas
  7 guardian serpents
  2 ice statues (IceCv)
  27 naga magi
  2 orange demons (Depths:2)
  2 smoke demons
  4 kobold demonologists
  22 cane toads
  A torpor snail (Lair:2)
  2 hellions (Zot:2)
  3 gargoyles
  A komodo dragon (shapeshifter) (Depths:2)
  11 komodo dragons
  2 freezing wraiths
  2 rime drakes
  28 yaktaurs
  3 unseen horrors (D:11)
  7 ice devils (IceCv)
  2 guardian mummies (WizLab)
  2 red devils (Depths:2)
  2 anaconda simulacra (IceCv)
  4 tengu conjurers
  8 trolls
  21 merfolk
  2 hornets
  8 snapping turtles
  A deep troll zombie (Vaults:3)
  9 wind drakes
  11 dream sheep
  A blink frog (shapeshifter) (Vaults:5)
  A meliai zombie (D:15)
  A spriggan zombie (WizLab)
  7 small abominations (Elf:2)
  7 air elementals
  6 blink frogs
  A slime creature (shapeshifter) (Vaults:3)
  A jumping spider (shapeshifter) (Elf:3)
  34 slime creatures
  2 shadows
  3 wraiths
  2 dire elephant simulacra (IceCv)
  A vampire (D:13)
  An ettin skeleton (Vaults:3)
  A wyvern (shapeshifter) (D:12)
  68 yaks
  16 wyverns
  8 water elementals
  A human (shapeshifter) (D:14)
  A chaos spawn (Depths:3)
  3 fire elementals
  5 basilisks
  3 redbacks
  11 vampire mosquitoes
  2 death yak simulacra
  4 neqoxecs
  3 steam dragons
  A warg (Orc:2)
  A yaktaur simulacrum (Vaults:3)
  3 harpy simulacra
  65 nagas
  2 glowing shapeshifter zombies (WizLab)
  An acid dragon (D:6)
  4 hydra simulacra (IceCv)
  Duvessa (D:6)
  25 water moccasins
  An ice beast (D:6)
  49 orc warriors
  3 black bears (D:10)
  2 ogres (Orc:2)
  12 centaurs
  9 wolves
  4 phantoms
  A lemure (D:7)
  4 elf zombies
  7 kobold brigands
  16 bullfrogs
  3 human zombies (WizLab)
  3 scorpions
  A cane toad simulacrum (Lair:5)
  2 glowing shapeshifter simulacra
  A two-headed ogre simulacrum (IceCv)
  2 earth elementals
  A hornet simulacrum (D:15)
  Dowan (D:6)
  An elephant simulacrum (IceCv)
  5 howler monkeys
  An electric eel (D:14)
  5 hounds
  37 orc priests
  3 jellies
  2 sleepcaps
  Natasha (thrice) (D:3)
  30 orc wizards
  A boggart skeleton (D:15)
  A spriggan simulacrum (IceCv)
  3 polar bear simulacra
  8 wolf simulacra
  7 gnolls
  2 river rats (Sewer)
  4 adders
  2 shadow imps (D:7)
  3 white imps
  An ufetubus (D:5)
  5 worms
  A dart slug (D:2)
  117 orcs
  3 bats
  3 endoplasms
  8 giant cockroaches
  9 goblins
  5 hobgoblins
  A jackal (D:1)
  3 quokkas
  7 ball pythons
  A frilled lizard (D:2)
  34 kobolds
  5 rats
  3 river rat simulacra (D:15)
  A spectral goblin (D:6)
  A plant (Shoals:4)
2194 creatures vanquished.

Vanquished Creatures (others)
  A nagaraja (Vaults:3)
  A hellwing (Depths:3)
  A wind drake (Shoals:4)
  A merfolk (Shoals:3)
  A centaur (shapeshifter) (Vaults:5)
  2 orc wizards
  71 fungi
  121 plants
  2 withered plants (D:7)
201 creatures vanquished.

Grand Total: 2395 creatures vanquished

Table legend:
 A = Non-vault XP
 B = Vault XP
 C = Vault XP percentage of total XP
 D = Non-vault monster count
 E = Vault monster count
 F = Vault count percentage of total count
                 A         B        C        D         E       F
            +---------+---------+-------+---------+---------+-------
      Total |  696758 |  640447 |  47.9 |    1327 |     863 |  39.4
            +---------+---------+-------+---------+---------+-------
        D:1 |      25 |       6 |  19.4 |      16 |       3 |  15.8
        D:2 |      22 |       0 |   0.0 |      12 |       0 |   0.0
        D:3 |      93 |      36 |  27.9 |      13 |       1 |   7.1
        D:4 |     233 |       0 |   0.0 |      18 |       0 |   0.0
        D:5 |     819 |       0 |   0.0 |      17 |       0 |   0.0
        D:6 |     653 |     224 |  25.5 |      18 |       9 |  33.3
        D:7 |    2232 |    1557 |  41.1 |      34 |       6 |  15.0
        D:8 |    2083 |       0 |   0.0 |      22 |       0 |   0.0
        D:9 |    1589 |       0 |   0.0 |      26 |       0 |   0.0
       D:10 |    5950 |    2483 |  29.4 |      33 |      29 |  46.8
       D:11 |    3453 |    5786 |  62.6 |      11 |      15 |  57.7
       D:12 |    4954 |    7323 |  59.6 |      13 |       8 |  38.1
       D:13 |    9425 |       0 |   0.0 |      34 |       0 |   0.0
       D:14 |   14549 |    6474 |  30.8 |      34 |      10 |  22.7
       D:15 |    4991 |    4429 |  47.0 |      11 |      21 |  65.6
     Lair:1 |   10726 |    1084 |   9.2 |      36 |       2 |   5.3
     Lair:2 |    9087 |    2290 |  20.1 |      31 |       8 |  20.5
     Lair:3 |   15817 |    1023 |   6.1 |      40 |       1 |   2.4
     Lair:4 |   13542 |    2798 |  17.1 |      35 |       7 |  16.7
     Lair:5 |    8492 |    8850 |  51.0 |      26 |      36 |  58.1
   Shoals:1 |    8453 |    7918 |  48.4 |      18 |      16 |  47.1
   Shoals:2 |   11740 |    4372 |  27.1 |      24 |       5 |  17.2
   Shoals:3 |   11408 |    1364 |  10.7 |      24 |       1 |   4.0
   Shoals:4 |    6943 |   24499 |  77.9 |      14 |      42 |  75.0
    Snake:1 |   30645 |       0 |   0.0 |      64 |       0 |   0.0
    Snake:2 |   11810 |       0 |   0.0 |      27 |       0 |   0.0
    Snake:3 |   21061 |   21808 |  50.9 |      40 |      43 |  51.8
    Snake:4 |   17436 |   19947 |  53.4 |      41 |      34 |  45.3
      Orc:1 |    3094 |    1609 |  34.2 |      31 |       6 |  16.2
      Orc:2 |    4823 |   12694 |  72.5 |      43 |      62 |  59.0
      Elf:1 |    8513 |   11846 |  58.2 |      19 |      18 |  48.6
      Elf:2 |   16526 |    5349 |  24.5 |      23 |      15 |  39.5
      Elf:3 |   15768 |   49887 |  76.0 |      26 |      52 |  66.7
   Vaults:1 |   24278 |   14772 |  37.8 |      43 |      19 |  30.6
   Vaults:2 |   22787 |   28225 |  55.3 |      33 |      33 |  50.0
   Vaults:3 |   37211 |   52983 |  58.7 |      58 |      54 |  48.2
   Vaults:4 |   15916 |   13948 |  46.7 |      20 |      18 |  47.4
   Vaults:5 |   31290 |   98037 |  75.8 |      37 |      81 |  68.6
   Depths:1 |   26276 |    8083 |  23.5 |      31 |      13 |  29.5
   Depths:2 |   16253 |   45143 |  73.5 |      25 |      51 |  67.1
   Depths:3 |   19808 |   15279 |  43.5 |      23 |      20 |  46.5
   Depths:4 |    6640 |    3635 |  35.4 |       8 |       3 |  27.3
      Zot:1 |   62325 |    3369 |   5.1 |      48 |       1 |   2.0
      Zot:2 |   33344 |    3174 |   8.7 |      26 |       4 |  13.3
      Zot:3 |   66932 |    8124 |  10.8 |      53 |       8 |  13.1
      Zot:4 |   40005 |   48235 |  54.7 |      32 |      20 |  38.5
      Zot:5 |   16738 |   70871 |  80.9 |      16 |      24 |  60.0
      Sewer |       0 |     277 | 100.0 |       0 |      20 | 100.0
      IceCv |       0 |    6758 | 100.0 |       0 |      25 | 100.0
     WizLab |       0 |   11035 | 100.0 |       0 |      18 | 100.0
      Arena |       0 |    2843 | 100.0 |       0 |       1 | 100.0
            +---------+---------+-------+---------+---------+-------

Illustrated notes

Table legend:
 A = Kills in this place as a percentage of kills in the entire game.
 B = Kills by you in this place as a percentage of kills by you in the entire game.
 C = Kills by friends in this place as a percentage of kills by friends in the entire game.
 D = Other kills in this place as a percentage of other kills in the entire game.
 E = Experience gained in this place as a percentage of experience gained in the entire game.
 F = Experience gained in this place divided by the number of levels of this place that you have seen.
                   A       B       C       D       E      F
               +-------+-------+-------+-------+-------+----------------------
         Total | 100.0 | 100.0 |   N/A | 100.0 | 100.0 | 25354.2
       Dungeon |  18.9 |  18.8 |   N/A |  40.0 |   6.0 | 5344.6
          Lair |  10.1 |  10.1 |   N/A |   0.0 |   5.5 | 14741.8
        Shoals |   6.6 |   6.5 |   N/A |  40.0 |   5.7 | 19174.2
     Snake Pit |  11.3 |  11.4 |   N/A |   0.0 |   9.1 | 30676.8
  Orcish Mines |   6.5 |   6.5 |   N/A |   0.0 |   1.7 | 11110.0
   Elven Halls |   7.0 |   7.0 |   N/A |   0.0 |   8.0 | 35963.0
        Vaults |  18.0 |  18.0 |   N/A |  20.0 |  25.3 | 67889.4
        Depths |   7.9 |   7.9 |   N/A |   0.0 |  10.5 | 35279.2
           Zot |  10.8 |  10.9 |   N/A |   0.0 |  26.7 | 71780.8
         Sewer |   0.9 |   0.9 |   N/A |   0.0 |   0.0 | 277.0
      Ice Cave |   1.1 |   1.1 |   N/A |   0.0 |   0.5 | 6758.0
        Wizlab |   0.8 |   0.8 |   N/A |   0.0 |   0.8 | 11035.0
         Arena |   0.0 |   0.0 |   N/A |   0.0 |   0.2 | 2843.0
               +-------+-------+-------+-------+-------+----------------------

Table legend: (Time is in decaauts)
 A = Elapsed time spent in this place.
 B = Non-inter-level travel time spent in this place.
 C = Inter-level travel time spent in this place.
 D = Time resting spent in this place.
 E = Time spent auto-exploring this place.
 F = Levels seen in this place.
 G = Mean time per level.
                   A        B        C        D        E       F      G
               +--------+--------+--------+--------+--------+-----+--------+
         Total |  62162 |  53561 |   8601 |   7238 |  28413 |  53 | 1172.9 |
       Dungeon |  16969 |  13450 |   3519 |   1835 |   8564 |  15 | 1131.3 |
        Temple |    153 |    141 |     12 |      0 |    129 |   1 |  153.0 |
          Lair |   7468 |   6176 |   1292 |    700 |   3708 |   5 | 1493.6 |
        Shoals |   3516 |   3126 |    390 |    344 |   1544 |   4 |  879.0 |
     Snake Pit |   5163 |   4692 |    471 |    424 |   2602 |   4 | 1290.8 |
  Orcish Mines |   2128 |   1642 |    486 |    271 |    635 |   2 | 1064.0 |
   Elven Halls |   4659 |   4190 |    469 |    880 |   1732 |   3 | 1553.0 |
        Vaults |   8007 |   7288 |    719 |    330 |   4230 |   5 | 1601.4 |
        Depths |   5054 |   4295 |    759 |    470 |   2691 |   4 | 1263.5 |
           Zot |   7488 |   7007 |    481 |   1582 |   2190 |   5 | 1497.6 |
         Trove |     45 |     45 |      0 |      0 |      0 |   1 |   45.0 |
         Sewer |    423 |    423 |      0 |     48 |    215 |   1 |  423.0 |
      Ice Cave |    474 |    474 |      0 |    145 |     18 |   1 |  474.0 |
        Wizlab |    593 |    593 |      0 |    203 |    150 |   1 |  593.0 |
         Arena |     17 |     17 |      0 |      0 |      0 |   1 |   17.0 |
               +--------+--------+--------+--------+--------+-----+--------+

Top non-repeatable levels by time:
   Elf:3: 2268 daAuts
Vaults:5: 2132 daAuts
    D:10: 2006 daAuts
  Lair:2: 1877 daAuts
   Zot:4: 1859 daAuts
Vaults:3: 1816 daAuts
   Zot:3: 1753 daAuts
     D:7: 1695 daAuts
Depths:2: 1664 daAuts
 Snake:3: 1651 daAuts
   Zot:1: 1555 daAuts
  Lair:1: 1552 daAuts
  Lair:3: 1521 daAuts
 Snake:1: 1511 daAuts
   Orc:2: 1476 daAuts
